 Dungeon Crawl Stone Soup version 0.29.1-12-g30fa7ad0bf (webtiles) character file.

Game seed: 5376570391292853099

10357572 ratmagoo the Annihilator (level 27, 199/199 HPs)
             Began as a Gargoyle Earth Elementalist on Dec 5, 2022.
             Was an Initiate of Gozag.
             Escaped with the Orb
             ... and 15 runes on Dec 13, 2022!
             The game lasted 15:52:16 (162036 turns).

ratmagoo the Annihilator (GrEE)                   Turns: 162036, Time: 15:52:17

Health: 199/199    AC: 32    Str: 17    XL:     27
Magic:  54/54      EV: 14    Int: 37    God:    Gozag
Gold:   13466      SH: 18    Dex: 20    Spells: 0/80 levels left

rFire   + + +      SeeInvis +   p - staff of earth
rCold   + + +      Faith    .   G - +5 kite shield {rC+ rF+}
rNeg    + . .      Spirit   .   E - +2 robe {rC+ rF+}
rPois   ∞          Reflect  .   (helmet restricted)
rElec   +          Harm     .   h - scarf {rC+ rF+}
rCorr   +          Rampage  +   U - +2 pair of gloves "Iblehouss" {Str+4}
Will    +++..      Clarity  +   z - +2 pair of boots {rampage}
Stlth   ++........              B - amulet of magic regeneration
HPRegen 0.43/turn               w - ring of Lusenwipp {Will+ Int+6 Dex+2 Stlth+}
MPRegen 0.74/turn               W - ring "Hocuwneor" {rF+ rCorr Str+2 Int+4}

@: flying, studying Hexes
A: sickness immunity, AC +20, big wings, negative energy resistance 1,
electricity resistance, torment resistance 1, petrification resistance, beak,
horns 1, see invisible, agile 2, clarity, sense surroundings 1
0: Orb of Zot
}: 15/15 runes: serpentine, barnacled, slimy, silver, golden, iron, obsidian,
icy, bone, abyssal, demonic, glowing, magical, fiery, dark
a: Renounce Religion, Potion Petition, Call Merchant, Bribe Branch


You escaped.
You worshipped Gozag.
Gozag was extremely pleased with you.
You visited 18 branches of the dungeon, and saw 88 of its levels.
You visited Pandemonium 1 time, and saw 14 of its levels.
You visited the Abyss 2 times.
You visited 4 bazaars.
You visited 1 ziggurat, and saw 17 of its levels.
You also visited: Sewer, Bailey and Gauntlet.

You collected 71611 gold pieces.
You spent 10340 gold pieces at shops.
You paid 47805 gold pieces to Gozag.

Inventory:

Hand Weapons
 a - the +4 staff of Dispater
   (You took it off Dispater on level 7 of the Iron City of Dis)

   It can be evoked to hurl damnation at the cost of health and magic, with
   strength depending on Evocations skill.
 j - the +0 staff of Battle
   (You found it on level 9 of the Dungeon)

   It enhances your conjuration magic.
   It summons a battlesphere in combat, with strength depending on Conjurations
   skill.
   Its strikes trigger the battlesphere's blasts.
Missiles
 D - 10 throwing nets
Armour
 h - a scarf of resistance (worn)
 z - a +2 pair of boots of rampaging (worn)
 E - a +2 robe of resistance (worn)
 G - a +5 kite shield of resistance (worn)
 U - the +2 pair of gloves "Iblehouss" (worn) {Str+4}
   (You took it off Nikola on level 3 of the Shoals)

   Str:       It affects your strength (+4).
Magical Staves
 m - a staff of fire
 p - a staff of earth (weapon)
Jewellery
 c - the ring of the Mage {Wiz Archmagi}
   (You found it on level 7 of Tartarus)

   [ring of wizardry]

   It improves your spell success rate.
   Archmagi:  It increases the power of your magical spells.
 w - the ring of Lusenwipp (left hand) {Will+ Int+6 Dex+2 Stlth+}
   (You bought it in a shop on level 15 of the Dungeon)

   [ring of intelligence]

   Int:       It affects your intelligence (+6).
   Dex:       It affects your dexterity (+2).
   Will:      It increases your willpower.
   Stlth:     It makes you more stealthy.
 B - an amulet of magic regeneration (around neck)
 C - the ring "Etyot" {Fly rPois rF+ rCorr}
   (You found it in a Gauntlet)

   [ring of resist corrosion]

   rF:        It protects you from fire.
   rPois:     It protects you from poison.
   Fly:       It grants you flight.
   rCorr:     It protects you from acid and corrosion.
 H - the ring of Bodily Harmony {rElec Str+4 Int+3 Dex-2 SInv}
   (You took it off a deep elf demonologist on level 5 of the Vaults)

   [ring of see invisible]

   Str:       It affects your strength (+4).
   Int:       It affects your intelligence (+3).
   Dex:       It affects your dexterity (-2).
   rElec:     It insulates you from electricity.
   SInv:      It lets you see invisible.
 M - the amulet "Ewnuj" {Acrobat Drain rC+ Int+4}
   (You found it on level 7 of Cocytus)

   [amulet of the acrobat]

   It increases your evasion while moving and waiting.
   Int:       It affects your intelligence (+4).
   rC:        It protects you from cold.
   Drain:     It drains your maximum health when unequipped.
 O - the ring "Xemickom" {rF- rC+ rN+ Will+ Dex+3}
   (You bought it in a shop on level 2 of the Dungeon)

   [ring of positive energy]

   Dex:       It affects your dexterity (+3).
   rF:        It makes you vulnerable to fire.
   rC:        It protects you from cold.
   rN:        It protects you from negative energy.
   Will:      It increases your willpower.
 P - an amulet of the acrobat
 Q - a ring of protection from fire
 W - the ring "Hocuwneor" (right hand) {rF+ rCorr Str+2 Int+4}
   (You found it on level 14 of a ziggurat)

   [ring of protection from fire]

   Str:       It affects your strength (+2).
   Int:       It affects your intelligence (+4).
   rF:        It protects you from fire.
   rCorr:     It protects you from acid and corrosion.
 Z - the amulet "Poab" {rElec rN++ Regen+ Int-3 Stlth+}
   (You found it on level 2 of the Vaults)

   [amulet of regeneration]

   Int:       It affects your intelligence (-3).
   rElec:     It insulates you from electricity.
   rN:        It greatly protects you from negative energy.
   Regen:     It increases your rate of health regeneration.
   Stlth:     It makes you more stealthy.
Wands
 l - a wand of quicksilver (18)
 n - a wand of paralysis (6)
 I - a wand of digging (4)
 N - a wand of mindburst (20)
 S - a wand of roots (57)
Scrolls
 d - 12 scrolls of butterflies
 e - a scroll of summoning
 i - 23 scrolls of teleportation
 k - 3 scrolls of blinking
 v - 6 scrolls of magic mapping
 F - 8 scrolls of brand weapon
 K - 3 scrolls of enchant armour
 R - 11 scrolls of amnesia
 V - 11 scrolls of fear
 X - 7 scrolls of silence
Potions
 b - a potion of magic
 f - a potion of cancellation
 g - 4 potions of invisibility
 o - 8 potions of mutation
 r - 46 potions of curing
 s - 5 potions of heal wounds
 u - 5 potions of brilliance
 x - 4 potions of ambrosia
 A - 2 potions of resistance
 L - 4 potions of haste
 T - 18 potions of might
Miscellaneous
 y - a phantom mirror


   Skills:
 O Level 27 Fighting
 - Level 12.5(13.7) Maces & Flails
 - Level 9.0(12.0) Staves
 - Level 4.2 Throwing
 - Level 11.4 Armour
 - Level 5.6 Dodging
 - Level 12.1 Stealth
 - Level 11.4 Shields
 O Level 27 Spellcasting
 O Level 27 Conjurations
 + Level 23.7 Necromancy
 + Level 22.5 Transmutations
 O Level 27 Fire Magic
 O Level 27 Earth Magic
 - Level 7.1 Poison Magic
 - Level 11.2 Evocations


You couldn't memorise any spells.
You knew the following spells:

 Your Spells              Type           Power      Damage    Failure   Level
a - Shatter               Erth           77%        3d56*     1%          9
b - Fire Storm            Conj/Fire      64%        8d16      1%          9
c - Iron Shot             Conj/Erth      77%        9d14      0%          6
d - Mephitic Cloud        Conj/Pois/Air  94%        N/A       1%          3
e - Ignite Poison         Fire/Tmut/Pois 100%       N/A       0%          3
f - Borgnjor's Vile Clut  Necr/Erth      75%        N/A       0%          5
g - Iskenderun's Mystic   Conj/Tloc      99%        2d19      1%          4
h - Necromutation         Tmut/Necr      61%        N/A       1%          8
i - Fireball              Conj/Fire      64%        3d24      0%          5
j - Passwall              Tmut/Erth      100%       N/A       0%          2
k - Magic Dart            Conj           100%       1d8       0%          1
l - Lee's Rapid Deconstr  Erth           77%        3d35*     0%          5
m - Blink                 Tloc           98%        N/A       1%          2
n - Lehudib's Crystal Sp  Conj/Erth      77%        10d17     1%          8
o - Apportation           Tloc           98%        N/A       1%          1
p - Death's Door          Necr           61%        N/A       4%          9

Your spell library contained the following spells:

 Spells                   Type           Power      Damage    Failure   Level
 Beastly Appendage        Tmut           100%       N/A       0%          1
 Foxfire                  Conj/Fire      100%       2x1d9     0%          1
 Necrotise                Necr           100%       1d9       0%          1
 Sandblast                Erth           100%       2d20      0%          1
 Shock                    Conj/Air       100%       1d9       0%          1
 Sting                    Tmut/Pois      100%       1d8       0%          1
 Scorch                   Fire           100%       2d10      0%          2
 Static Discharge         Conj/Air       99%        3-16/arc  0%          2
 Wereblood                Tmut           100%       N/A       0%          2
 Conjure Flame            Conj/Fire      100%       6-21      0%          3
 Dazzling Flash           Conj/Hex       100%       N/A       0%          3
 Inner Flame              Hex/Fire       99%        N/A       0%          3
 Spider Form              Tmut/Pois      100%       N/A       0%          3
 Stone Arrow              Conj/Erth      100%       3d13      0%          3
 Vampiric Draining        Necr           100%       2d13      0%          3
 Dispel Undead            Necr           100%       3d31      0%          4
 Flame Wave               Conj/Fire      100%       2d21      0%          4
 Petrify                  Tmut/Erth      100%       N/A       0%          4
 Sticky Flame             Conj/Fire      100%       2d11      0%          4
 Agony                    Necr           100%       N/A       0%          5
 Blade Hands              Tmut           60%        N/A       0%          5
 Irradiate                Conj/Tmut      62%        3d32      0%          5
 Iskenderun's Battlesphe  Conj           100%       2d15      0%          5
 Death Channel            Necr           61%        N/A       0%          6
 Starburst                Conj/Fire      64%        6d17      0%          6
 Orb of Destruction       Conj           64%        9d15      0%          7
 Freeze                   Ice            100%       1d11      1%          1
 Slow                     Hex            100%       N/A       1%          1
 Summon Small Mammal      Summ           100%       N/A       1%          1
 Call Imp                 Summ           49%        N/A       1%          2
 Ensorcelled Hibernation  Hex/Ice        98%        N/A       1%          2
 Poisonous Vapours        Pois/Air       100%       N/A       1%          2
 Anguish                  Hex/Necr       47%        N/A       1%          4
 Animate Armour           Summ/Erth      100%       N/A       1%          4
 Fulminant Prism          Conj/Hex       49%        3d21      1%          4
 Hailstorm                Conj/Ice       99%        3d19      1%          4
 Ice Form                 Ice/Tmut       93%        N/A       1%          4
 Leda's Liquefaction      Hex/Erth       61%        N/A       1%          4
 Olgreb's Toxic Radiance  Pois           80%        N/A       1%          4
 Alistair's Intoxication  Tmut/Pois      68%        N/A       1%          5
 Freezing Cloud           Conj/Ice/Air   43%        6-21      1%          5
 Lightning Bolt           Conj/Air       49%        1d70      1%          5
 Yara's Violent Unravell  Hex/Tmut       46%        3d18      1%          5
 Conjure Ball Lightning   Conj/Air       49%        3x3d17    1%          6
 Eringya's Noxious Bog    Tmut/Pois      51%        N/A       1%          6
 Dragon Form              Tmut           60%        N/A       1%          7
 Borgnjor's Revivificati  Necr           61%        N/A       1%          8
 Ignition                 Fire           64%        3d17      1%          8
 Call Canine Familiar     Summ           49%        N/A       2%          3
 Confusing Touch          Hex            49%        N/A       2%          3
 Frozen Ramparts          Ice            98%        1d15      2%          3
 Gell's Gravitas          Tloc           49%        N/A       2%          3
 Lesser Beckoning         Tloc           49%        N/A       2%          3
 Ozocubu's Armour         Ice            49%        N/A       2%          3
 Portal Projectile        Hex/Tloc       98%        N/A       2%          3
 Summon Guardian Golem    Hex/Summ       49%        N/A       2%          3
 Swiftness                Air            49%        N/A       2%          3
 Teleport Other           Tloc           49%        N/A       2%          3
 Tukima's Dance           Hex            49%        N/A       2%          3
 Spellforged Servitor     Conj/Summ      49%        N/A       2%          7
 Haunt                    Necr/Summ      47%        N/A       4%          7
 Storm Form               Tmut/Air       46%        N/A       6%          7
 Airstrike                Air            24%        2d(4-20)  8%          4
 Summon Lightning Spire   Summ/Air       49%        N/A       8%          4
 Manifold Assault         Tloc           49%        N/A       22%         5
 Metabolic Englaciation   Hex/Ice        24%        N/A       22%         5
 Silence                  Hex/Air        24%        N/A       22%         5
 Summon Forest            Summ/Tloc      24%        N/A       22%         5
 Summon Mana Viper        Hex/Summ       49%        N/A       22%         5
 Dispersal                Tloc           24%        N/A       75%         6
 Chain Lightning          Conj/Air       49%        3d66      97%         9
 Enfeeble                 Hex            24%        N/A       100%        7
 Malign Gateway           Summ/Tloc      24%        N/A       100%        7
 Ozocubu's Refrigeration  Ice            24%        4d12      100%        7
 Summon Hydra             Summ           24%        N/A       100%        7
 Disjunction              Tloc           24%        N/A       100%        8
 Maxwell's Capacitive Co  Air            24%        ∞         100%        8
 Polar Vortex             Ice            24%        N/A       100%        9
 Animate Dead             Necr           Unusable   N/A       N/A         4
 Statue Form              Tmut/Erth      Unusable   N/A       N/A         6
 Corpse Rot               Necr/Pois/Air  Unusable   N/A       N/A         4
 Simulacrum               Ice/Necr       Unusable   N/A       N/A         6

Dungeon Overview and Level Annotations

Branches:
Dungeon (15/15)            Temple (1/1) D:5            Lair (5/5) D:8
 Shoals (4/4) Lair:2        Snake (4/4) Lair:2        Slime (5/5) Lair:4
    Orc (2/2) D:9             Elf (3/3) Orc:2        Vaults (5/5) D:13
  Crypt (3/3) Vaults:2       Tomb (3/3) Crypt:3      Depths (4/4) D:15
   Hell (visited)             Dis (7/7) Hell            Geh (7/7) Hell
    Coc (7/7) Hell            Tar (7/7) Hell            Zot (5/5) Depths:4
  Sewer (visited)          Bailey (visited)         Gauntlet (visited)

Altars:
Ashenzari
Cheibriados
Dithmenos
Elyvilon
Fedhas
Gozag
Hepliaklqana
Kikubaaqudgha
Makhleb
Nemelex Xobeh
Okawaru
Qazlal
Ru
Sif Muna
Trog
Uskayaw
Vehumet
Wu Jian
Xom
Yredelemnul
Zin
The Shining One
Jiyva
Lugonu

Shops:
D:2 =   D:3 [   D:15 =   Orc:1 [   Orc:2 :[=*?   Elf:1 (   Elf:3 (   Shoals:2 :
Snake:1 (   Snake:4 *   Vaults:4 *   Vaults:5 *   Depths:1 ([=(

Portals:
Hell: Depths:1 Depths:2 Depths:3 Depths:4
Abyss: Depths:1 Depths:3 Depths:4
Pandemonium: Depths:2
Ziggurat: Depths:4

Annotations:
Snake:1 1 exclusion
Snake:2 exclusion: Vashnia
Elf:1 1 exclusion


Innate Abilities, Weirdness & Mutations

You are immune to sickness and miasma.
Your stone body is resilient. (AC +20)
You are immune to poison.
Your large and strong wings let you fly.
You resist negative energy. (rN+)
You are resistant to electric shocks. (rElec)
You are resistant to unholy torment.
You are immune to petrification.
You have a beak for a mouth.
You have a pair of small horns on your head.
You have supernaturally acute eyesight. (SInv)
You are very agile. (Dex +8, Str/Int -2)
You possess an exceptional clarity of mind.
You passively map a small area around you.


Message History

You feel a strong surge of power!
The iron shot hits the Orb Guardian!!!
The Orb Guardian is heavily wounded.
Aiming: Iron Shot (safe; 0% risk of failure)
Press: ? - help, Q - select action, (/) - cycle Shift-Dir - straight line, f/p - Orb Guardian
Aim: an Orb Guardian (heavily wounded, 79% to hit)
You feel a strong surge of power!
The iron shot hits the Orb Guardian!!!!
You kill the Orb Guardian!
Unknown command.
Aiming: Iron Shot (safe; 0% risk of failure)
Press: ? - help, Q - select action, (/) - cycle Shift-Dir - straight line, f - you You feel a strong surge of power!
That beam is likely to hit you.
Continue anyway?
Okay, then.
You now have 13466 gold pieces (gained 28).
You feel a little less clever now.
There is a stone staircase leading up here.
You fly upwards.
There is a stone staircase leading down here.
An Ibad, a smoke demon and a rust devil come into view.
You can't go up here!
Ibad moves out of view.
The smoke demon moves out of view.
There is a stone staircase leading up here.
You fly upwards.
There is a stone staircase leading down here.
There is a stone staircase leading up here.
You fly upwards.
There is a stone staircase leading down here.
There is an open door here.
There is an open door here.
There is a stone staircase leading up here.
You fly upwards.
There is a stone staircase leading down here.
There is a stone staircase leading up here.
You fly upwards.
There is a stone staircase leading down here.
You see here a +0 dagger.
You reach down and open the door.
There is an open door here.
There is a staircase leading out of the dungeon here.
You have escaped!

#.# #.# ## #.# #.# .#####.# #.#
.......### #.# .#######.## #.#
.# ##...## #.# .# ##..#..## #.#
.####.......###### #.#
.##.............@# #.#
.##.#####'######### #.#
.##...............# #.###
.###.############.########.#.#
.# #.#.# #.#.....##.#.# .#
#.#.## #.#.###.##.#.# .# #.#..#
#.#..........# .#
#.#..#########.#####.##.#.###
.###.#..................##.....#


There were no monsters in sight!

Vanquished Creatures
  Cerebov (Pan)
  Antaeus (Coc:7)
  Asmodeus (Geh:7)
  the Royal Jelly (Slime:5)
  Ereshkigal (Tar:7)
  Gloorx Vloq (Pan)
  Lom Lobon (Pan)
  the Serpent of Hell (Geh:7)
  Mnoleg (Pan)
  Dispater (Dis:7)
  8 ancient liches
  12 dread liches
  Tiamat (Zot:2)
  7 orbs of fire
  Mennas (Vaults:5)
  18 pandemonium lords
  2 juggernauts
  16 royal mummies
  26 shard shrikes
  Bai Suzhen (Snake:4)
  Margery (Depths:3)
  The ghost of rgbqcd the Executioner, a veteran MiBe of Trog (Vaults:2)
  Saint Roka (Snake:2)
  14 Killer Klowns
  Vashnia (Snake:2)
  28 caustic shrikes
  Geryon (Hell)
  2 curse toes
  12 golden dragons
  Nikola (Shoals:3)
  16 profane servitors
  29 bone dragons
  34 Tzitzimimeh
  12 doom hounds
  2 electric golems (Zot:5)
  15 Brimstone Fiends
  7 hellephants
  22 tainted leviathans
  6 iron giants
  8 liches
  Jorgrun (Snake:1)
  Mlioglotl (Snake:2)
  27 Orb Guardians
  25 Ice Fiends
  22 tentacled monstrosities
  Grunn (Depths:3)
  8 Hell Sentinels
  A walking crystal tome (Depths:4)
  24 searing wretches
  17 titans
  3 deep elf blademasters
  A walking frostbound tome (Depths:3)
  7 sphinxes
  5 quicksilver dragons
  27 acid blobs
  33 Executioners
  9 tentacled starspawn
  26 ancient champions
  9 tengu reavers
  10 death cobs
  Agnes (Snake:4)
  2 draconian monks
  Donald (Vaults:2)
  A thorn hunter (Zig:14)
  Roxanne (Shoals:1)
  14 shadow dragons
  5 revenants
  24 azure jellies
  15 rockslimes
  10 storm dragons
  11 demonspawn warmongers (Pan)
  23 fire giants
  25 narguns
  A daeva (Abyss:2)
  6 orc warlords
  A fire giant (shapeshifter) (Zig:17)
  7 quicksilver elementals
  7 draconian knights
  33 cacodemons
  A ghost moth (shapeshifter) (D:11)
  Louise (Snake:2)
  6 deep elf sorcerers
  16 vault wardens
  21 frost giants
  7 iron dragons
  15 ghost moths
  10 nagarajas
  A draconian scorcher (Zot:1)
  A spectral juggernaut (Tar:6)
  60 balrugs
  3 deep elf elementalists
  Aizul (Snake:1)
  16 ironbound preservers
  5 draconian shifters
  4 ghouls
  15 shard shrike simulacra
  2 spectral caustic shrikes
  10 curse skulls
  14 stone giants
  2 juggernaut zombies
  2 spriggan defenders (Depths:3)
  22 war gargoyles
  10 demonspawn corrupters (Pan)
  The ghost of fantasyman the Bludgeoner, a journeyman FoFi of the Shining One (Lair:4)
  2 draconian stormcallers
  A juggernaut skeleton (Pan)
  20 very ugly things
  2 caustic shrike skeletons
  10 draconian annihilators
  13 quicksilver oozes
  7 ironbound thunderhulks
  35 reapers
  15 demonspawn blood saints (Pan)
  8 vampire knights
  A stone giant (shapeshifter) (Zig:17)
  16 red draconians
  11 green draconians
  12 demonspawn black suns (Pan)
  5 eleionomae
  33 elemental wellsprings
  32 lorocyprocas
  9 purple draconians
  7 black draconians
  10 deep elf demonologists
  5 bennus
  A minotaur (Gauntlet)
  44 putrid mouths
  4 entropy weavers
  21 wendigos
  6 dire elephants
  14 deep elf annihilators
  3 spectral titans
  2 spark wasps
  A dire elephant (shapeshifter) (Zig:17)
  A bunyip (shapeshifter) (Elf:3)
  20 yellow draconians
  17 ettins
  12 white draconians
  14 eidola
  20 iron golems
  14 merfolk impalers
  36 blizzard demons
  A crystal guardian (Hell)
  13 mummy priests
  5 merfolk javelineers
  7 deep elf death magi
  19 green deaths
  13 jiangshi
  A spectral quicksilver dragon (Tar:4)
  12 yaktaur captains
  The ghost of superradish the Nimble, a journeyman TrGl of Hepliaklqana (D:11)
  Snorg (Lair:5)
  2 shambling mangroves (Zig:14)
  2 spectral spriggans
  7 fire dragons
  4 spriggan air magi
  18 great orbs of eyes
  4 deep elf high priests (Elf:3)
  2 fenstrider witch zombies
  14 hydras
  34 vault guards
  9 ice dragons
  4 hell beasts
  5 rakshasas
  An Orb Guardian zombie (Crypt:3)
  2 peacekeepers
  9 centaur warriors
  16 caustic shrike simulacra
  6 anacondas
  4 ogre magi
  10 spriggan skeletons
  4 boulder beetles
  2 catoblepae
  12 juggernaut simulacra
  An anaconda (shapeshifter) (Zig:17)
  23 salamander tyrants
  3 merfolk avatars
  A radroach (Zig:6)
  9 stokers
  8 naga warriors
  A satyr (shapeshifter) (Vaults:5)
  2 alligator snapping turtles
  2 fenstrider witch skeletons
  11 ironbound frosthearts
  31 dancing weapons
  7 two-headed ogres
  27 death scarabs
  4 tengu warriors
  11 deep troll shamans
  4 alligators
  3 satyrs (Shoals:3)
  10 shock serpents
  5 merfolk aquamancers (Shoals:4)
  48 hell hogs
  12 orc high priests
  14 deep troll earth magi
  112 sun demons
  4 death yaks (Lair:4)
  14 naga sharpshooters
  2 titan zombies
  9 thrashing horrors
  88 soul eaters
  2 spectral dire elephants
  17 hell knights
  10 vampire magi
  6 spriggan berserkers
  9 iron trolls
  13 wretched stars
  25 deep elf knights
  14 crystal echidnas
  A fire crab (D:14)
  39 skeletal warriors
  A spectral anaconda (Tar:4)
  37 sixfirhies
  2 death drakes (Tar:6)
  A pharaoh ant (Zig:6)
  3 spatial maelstroms
  15 sea snakes
  35 shadow wraiths
  7 flayed ghosts
  2 spark wasp zombies
  2 deep trolls (shapeshifter)
  6 quicksilver dragon simulacra
  8 naga ritualists
  8 glowing orange brains
  A death drake (shapeshifter) (Zig:4)
  23 shadow demons
  3 spriggan simulacra
  65 deep trolls
  3 orb spiders
  A spriggan druid (Zig:14)
  A salamander mystic (Snake:4)
  45 starcursed masses
  3 orange crystal statues
  Pikel (D:4)
  2 swamp dragons (Zig:14)
  2 kraken simulacra (Coc:7)
  3 anaconda zombies
  A bog body (Crypt:2)
  21 deep elf archers
  5 lindwurms (Vaults:1)
  A shadow dragon zombie (Vaults:3)
  21 ironbound convokers
  8 phantasmal warriors
  2 fenstrider witch simulacra (Coc:2)
  14 wizards
  8 harpies
  2 obsidian statues (Zig:1)
  37 deep elf pyromancers
  9 orc knights
  4 anaconda skeletons
  A bunyip skeleton (Crypt:3)
  43 deep elf zephyrmancers
  3 mana vipers (Snake:4)
  2 will-o-the-wisps
  An iron dragon zombie (Depths:3)
  A faun (shapeshifter) (Vaults:4)
  5 orc sorcerers
  A wolf spider (D:15)
  A sphinx skeleton (Vaults:3)
  50 ugly things
  17 manticores
  8 salamanders
  10 shining eyes
  A shadow dragon skeleton (Crypt:3)
  7 cyclopes
  12 fauns
  A salamander (shapeshifter) (Zig:17)
  A toenail golem (Abyss:2)
  A frost giant zombie (Depths:1)
  54 large abominations
  20 necromancers
  A shining eye (shapeshifter) (Depths:1)
  26 moths of wrath
  A spectral centaur (Tar:2)
  2 worldbinders (Abyss:2)
  A frost giant skeleton (Crypt:2)
  3 stone giant skeletons
  7 eyes of devastation
  5 merfolk sirens
  3 guardian serpents
  A stone giant zombie (Crypt:1)
  24 vault sentinels
  17 naga magi
  4 rust devils
  Maurice (D:8)
  36 black mambas
  A dire elephant zombie (Abyss:2)
  8 elephants
  An eleionoma skeleton (Crypt:1)
  2 centaur zombies
  12 water nymphs
  43 orange demons
  7 ice statues
  7 apocalypse crabs
  8 molten gargoyles (Geh:7)
  106 smoke demons
  5 unseen horrors
  2 naga skeletons
  2 torpor snails (Zig:6)
  5 centaur skeletons
  4 gargoyles
  2 dire elephant skeletons
  10 titan simulacra
  11 cane toads
  46 hellions
  14 ice devils
  12 efreet
  2 anaconda simulacra (Coc:7)
  10 kobold demonologists
  7 rime drakes
  46 demonic crawlers
  11 komodo dragons
  36 yaktaurs
  A bunyip simulacrum (Coc:2)
  6 red devils (Pan)
  A spark wasp simulacrum (Depths:1)
  20 tormentors
  2 tengu conjurers (D:9)
  A golden dragon simulacrum (Coc:3)
  A freezing wraith (D:10)
  7 ancient zymes
  A silent spectre (Crypt:1)
  3 harpy zombies
  39 hellwings
  A meliai (shapeshifter) (D:14)
  32 merfolk
  5 spectral harpies
  12 trolls
  A polar bear (shapeshifter) (Abyss:2)
  A yellow draconian skeleton (Crypt:2)
  10 meliai
  A troll (shapeshifter) (D:13)
  A merfolk (shapeshifter) (Vaults:5)
  11 wind drakes
  34 guardian mummies
  An iron troll skeleton (Crypt:3)
  5 polar bears (Lair:5)
  A harpy skeleton (Hell)
  10 hornets
  A dream sheep (Lair:5)
  2 hydra skeletons
  11 blink frogs
  100 slime creatures
  A snapping turtle (shapeshifter) (Vaults:5)
  A spriggan zombie (D:15)
  An iron dragon simulacrum (Coc:6)
  21 raiju
  9 snapping turtles
  A stone giant simulacrum (Coc:3)
  A culicivora zombie (Crypt:2)
  A dream sheep (shapeshifter) (Depths:2)
  An ettin zombie (Vaults:3)
  2 vampires
  4 ettin skeletons
  5 dire elephant simulacra
  7 air elementals
  4 flying skulls
  14 spriggans
  2 jumping spiders (Zig:6)
  An alligator snapping turtle simulacrum (Coc:2)
  A black mamba skeleton (Hell)
  6 wyverns
  6 wraiths
  88 ynoxinuls
  4 shadows
  A slime creature zombie (Crypt:2)
  11 ushabtiu
  Eustachio (D:4)
  23 water elementals
  A culicivora (Zig:5)
  6 golden eyes
  50 yaks
  6 basilisks
  18 small abominations
  3 fire elementals
  A yak (shapeshifter) (Zig:17)
  43 neqoxecs
  2 steam dragons
  A fire dragon skeleton (Crypt:2)
  7 vampire mosquitoes (D:14)
  A warg (shapeshifter) (Elf:1)
  A demonspawn zombie (Crypt:2)
  A redback (Zig:5)
  46 chaos spawn
  11 harpy simulacra
  A spatial vortex (Abyss:2)
  Edmund (D:4)
  A naga (shapeshifter) (Vaults:5)
  44 nagas
  A swamp worm (shapeshifter) (Zig:17)
  4 swamp worms (Lair:3)
  4 acid dragons
  2 glowing shapeshifter zombies
  10 wargs
  2 merfolk zombies
  15 water moccasins
  A deep troll skeleton (Crypt:2)
  2 floating eyes (Depths:2)
  A cane toad skeleton (Crypt:3)
  3 ice beasts
  48 orc warriors
  4 black bears
  4 ettin simulacra
  4 sky beasts
  A hornet zombie (Crypt:2)
  A boggart (shapeshifter) (Vaults:5)
  18 wolves (Lair:5)
  14 ogres
  A swamp dragon zombie (Crypt:3)
  3 boggarts (Lair:5)
  14 centaurs
  2 phantoms
  2 swamp dragon skeletons (Pan)
  2 lemures (D:4)
  17 kobold brigands
  A draconian zombie (Crypt:1)
  14 bullfrogs
  A cyclops zombie (Crypt:3)
  4 earth elementals
  3 gnoll sergeants
  3 scorpions
  7 naga simulacra
  A wyvern skeleton (Crypt:2)
  A water moccasin skeleton (Crypt:3)
  12 wights
  8 killer bees
  A howler monkey (D:10)
  7 electric eels (Snake:2)
  A black bear zombie (Crypt:3)
  A quasit (Abyss:2)
  40 orc priests
  Crazy Yiuf (D:6)
  3 jellies (Gauntlet)
  3 hounds
  An iron imp (Abyss:2)
  3 iguanas (D:5)
  12 orc wizards
  A boggart skeleton (Crypt:3)
  3 hell rats (Hell)
  A naga zombie (Crypt:1)
  30 mummies
  Robin (D:4)
  18 gnolls
  An adder (shapeshifter) (Zig:17)
  15 adders
  2 river rats (D:6)
  2 shadow imps
  2 white imps
  6 ufetubi
  An iguana zombie (Crypt:3)
  2 worms
  97 orcs
  6 bats
  A bat zombie (Crypt:1)
  8 endoplasms
  An endoplasm (shapeshifter) (Vaults:5)
  5 giant cockroaches
  18 goblins
  8 hobgoblins
  13 jackals
  7 quokkas
  11 ball pythons
  9 frilled lizards
  A jackal skeleton (Crypt:3)
  46 kobolds
  6 rats
  3 ball lightnings (Pan)
  8 creeping infernos
  18 fire vortices
  2 lurking horrors (Abyss:2)
  A starspawn tentacle (Abyss:2)
  A tentacle (Coc:7)
4988 creatures vanquished.

Vanquished Creatures (collateral kills)
  An ancient lich (Crypt:3)
  Khufu (Tomb:3)
  5 royal mummies
  12 caustic shrikes
  2 bone dragons
  2 Tzitzimimeh (Tar:7)
  A tentacled monstrosity (Hell)
  A Hell Sentinel (Dis:7)
  3 liches
  2 tainted leviathans (Tar:6)
  2 acid blobs
  A tentacled starspawn (Zig:15)
  5 ancient champions
  A frost giant (Vaults:5)
  2 iron dragons (Dis:7)
  2 quicksilver elementals (Dis:7)
  2 shard shrike simulacra (Coc:7)
  6 war gargoyles (Dis:7)
  A quicksilver ooze (Slime:5)
  A demonspawn corrupter (Pan)
  A very ugly thing (Zig:17)
  A putrid mouth (Tar:7)
  A lorocyproca (Pan)
  An iron golem (Dis:7)
  6 mummy priests
  A titan zombie (Tomb:2)
  11 death scarabs
  A storm dragon zombie (Crypt:2)
  4 crystal echidnas (Dis:7)
  A goliath frog (shapeshifter) (Vaults:5)
  A shadow wraith (Tar:7)
  A skeletal warrior (Tomb:3)
  A bunyip skeleton (Tomb:2)
  A spriggan simulacrum (Tomb:2)
  A swamp dragon (Zig:2)
  A dire elephant skeleton (Crypt:2)
  An eye of devastation (Slime:5)
  A hellion (Pan)
  An anaconda simulacrum (Coc:7)
  8 guardian mummies
  A tormentor (Dis:6)
  A harpy zombie (Crypt:3)
  A tarantella (Zig:5)
  A slime creature (Zig:16)
  An ettin zombie (Hell)
  2 ynoxinuls (Pan)
  A dire elephant simulacrum (Coc:6)
  2 large abominations (Pan)
  2 ushabtiu (Tomb:2)
  A harpy simulacrum (Coc:6)
  A swamp drake (Zig:14)
  A naga simulacrum (Coc:7)
  A warg skeleton (Crypt:3)
  2 hell rats (Hell)
  16 mummies
  A white imp (Abyss:2)
133 creatures vanquished.

Vanquished Creatures (others)
  2 juggernauts (Dis:7)
  10 royal mummies
  7 Hell Sentinels
  3 iron giants
  2 eldritch tentacles (Pan)
  11 ancient champions
  2 quicksilver elementals
  4 iron dragons (Dis:7)
  A caustic shrike zombie (Tomb:3)
  A shard shrike simulacrum (Coc:4)
  A cacodemon (Tomb:3)
  A curse skull (Coc:4)
  5 bennus (Tomb:3)
  A demonspawn black sun (Pan)
  19 war gargoyles (Dis:7)
  A quicksilver dragon zombie (Tomb:3)
  3 mummy priests (Tomb:3)
  A caustic shrike simulacrum (Coc:4)
  A juggernaut simulacrum (Coc:6)
  20 death scarabs (Tomb:3)
  2 hellions
  17 guardian mummies
  An anaconda simulacrum (Coc:3)
  A tormentor (Dis:7)
  A human (Crypt:1)
  2 harpy simulacra (Coc:7)
  6 mummies
  A creeping inferno (Geh:2)
  16 demonic plants
  614 fire vortices
  2 foxfires (Zig:14)
  13 fungi
  79 plants
  12 starspawn tentacles
  3 tentacles (Coc:7)
  12 withered plants
878 creatures vanquished.

Grand Total: 5999 creatures vanquished

Notes
Turn   | Place    | Note
-------+----------+-------------------------------------------
     0 | D:1      | ratmagoo the Gargoyle Earth Elementalist began the quest
                  | for the Orb.
     0 | D:1      | Reached XP level 1. HP: 10/10 MP: 3/3
   465 | D:1      | Reached XP level 2. HP: 15/15 MP: 1/5
  1099 | D:1      | Found a faded altar of an unknown god.
  1165 | D:1      | Reached XP level 3. HP: 19/19 MP: 4/6
  1582 | D:2      | Reached skill level 1 in Maces & Flails
  2044 | D:2      | Found Wokkyax's One-of-a-Kind Rings.
  2240 | D:2      | Reached XP level 4. HP: 24/24 MP: 6/8
  2793 | D:3      | Found Viggeqas's Armour Boutique.
  3421 | D:3      | Reached skill level 5 in Earth Magic
  3587 | D:4      | Noticed Edmund
  3629 | D:4      | Noticed a sky beast
  3637 | D:4      | Killed a sky beast
  3638 | D:4      | Reached XP level 5. HP: 24/28 MP: 3/10
  3752 | D:4      | Noticed a lemure
  3760 | D:4      | Reached XP level 6. HP: 32/32 MP: 8/12
  3814 | D:5      | Entered Level 5 of the Dungeon
  3925 | D:5      | Found a staircase to the Ecumenical Temple.
  3934 | Temple   | Entered the Ecumenical Temple
  3934 | Temple   | Found a transporter.
  3934 | Temple   | Found a transporter.
  3936 | Temple   | Found a transporter.
  3936 | Temple   | Found a transporter.
  4102 | D:5      | Noticed a water moccasin
  4255 | D:5      | Reached XP level 7. HP: 34/36 MP: 8/14
  4408 | D:4      | Killed Edmund
  4409 | D:4      | Reached skill level 5 in Spellcasting
  4691 | D:4      | Noticed Robin
  4694 | D:4      | Killed Robin
  4944 | D:4      | Noticed Pikel
  5149 | D:5      | Reached XP level 8. HP: 41/41 MP: 13/17
  5531 | D:6      | Found a glowing drain.
  5559 | Sewer    | Entered a sewer
  5869 | Sewer    | Reached skill level 1 in Conjurations
  6009 | Sewer    | Learned a level 3 spell: Stone Arrow
  6528 | D:6      | Found a runed translucent door.
  6529 | D:6      | Noticed Crazy Yiuf
  6716 | D:6      | Reached skill level 10 in Earth Magic
  6716 | D:6      | Reached XP level 9. HP: 45/45 MP: 7/18
  6864 | D:6      | Found a basalt altar of Yredelemnul.
  6977 | D:6      | Reached skill level 5 in Conjurations
  7727 | D:7      | Noticed a kobold demonologist
  7729 | D:7      | Killed a kobold demonologist
  8158 | D:7      | Identified the +2 rapier of Victory {chaos, *Rage Will++
                  | Stlth+}
  8466 | D:7      | Reached XP level 10. HP: 50/50 MP: 13/19
  8545 | D:7      | Reached skill level 10 in Conjurations
  8945 | D:8      | Found a hazy altar of Hepliaklqana.
  9032 | D:8      | Found a flagged portal.
  9051 | D:8      | Learned a level 6 spell: Iron Shot
  9053 | Bailey   | Entered a bailey
  9212 | Bailey   | Found a burning altar of Makhleb.
  9412 | D:8      | Noticed Maurice
  9421 | D:8      | Killed Maurice
  9650 | D:8      | Found a staircase to the Lair.
  9992 | D:9      | Noticed a kobold demonologist
  9993 | D:9      | Noticed a cyan ugly thing
  9993 | D:9      | Noticed a kobold demonologist
 10267 | D:9      | Noticed a catoblepas
 10275 | D:8      | Reached XP level 11. HP: 49/54 MP: 15/20
 10833 | D:9      | Noticed a green ugly thing
 11046 | Temple   | Became a worshipper of Gozag Ym Sagoz the Greedy
 11195 | Lair:1   | Entered Level 1 of the Lair of Beasts
 11940 | D:2      | Bought the ring "Xemickom" {rF- rC+ rN+ Will+ Dex+3} for
                  | 466 gold pieces
 12127 | D:4      | Noticed Eustachio
 12134 | D:4      | Killed Eustachio
 12299 | D:4      | Killed Pikel
 12797 | Lair:1   | Noticed a four-headed hydra
 12822 | Lair:1   | Killed a four-headed hydra
 13224 | Lair:1   | Reached XP level 12. HP: 59/59 MP: 14/21
 13941 | Lair:2   | You fall into a shaft and drop 1 floor!
 14039 | Lair:3   | Reached skill level 15 in Earth Magic
 14507 | Lair:3   | Reached skill level 15 in Conjurations
 14774 | Lair:2   | Noticed an eight-headed hydra
 14988 | Lair:2   | Found a staircase to the Snake Pit.
 15492 | Lair:2   | Noticed a boulder beetle
 15496 | Lair:2   | Killed a boulder beetle
 15705 | Lair:2   | Found a staircase to the Shoals.
 16083 | Lair:3   | Reached XP level 13. HP: 63/63 MP: 17/26
 16116 | Lair:3   | Reached skill level 10 in Spellcasting
 16116 | Lair:3   | Reached skill level 1 in Armour
 17422 | Lair:4   | Reached skill level 5 in Stealth
 17434 | Lair:4   | Found a staircase to the Slime Pits.
 17434 | Lair:4   | Found a viscous altar of Jiyva.
 17600 | Lair:4   | Found a runed translucent gate.
 17600 | Lair:4   | Found a runed translucent gate.
 17600 | Lair:4   | Found a runed translucent gate.
 17601 | Lair:4   | Noticed an azure jelly
 17602 | Lair:4   | Noticed an azure jelly
 17602 | Lair:4   | Noticed an acid blob
 17602 | Lair:4   | Noticed an azure jelly
 17602 | Lair:4   | Noticed an acid blob
 17603 | Lair:4   | Noticed fantasyman's ghost (journeyman FoFi)
 17603 | Lair:4   | Noticed an acid blob
 17604 | Lair:4   | Noticed a rockslime
 17604 | Lair:4   | Noticed a quicksilver ooze
 17605 | Lair:4   | Noticed an acid blob
 17923 | Lair:4   | Found a viscous altar of Jiyva.
 18133 | D:9      | Found a large runed translucent door.
 18168 | D:9      | Found a large runed translucent door.
 18172 | D:9      | Found a shimmering altar of Xom.
 18241 | D:9      | Reached skill level 5 in Armour
 18368 | D:9      | Found a radiant altar of Vehumet.
 18531 | D:9      | Found a staircase to the Orcish Mines.
 18669 | D:9      | Found the +0 staff of Battle
 18824 | Orc:1    | Entered Level 1 of the Orcish Mines
 19014 | Orc:1    | Found Ocihor's Antique Armour Shoppe.
 19173 | Orc:1    | Bought a pair of glowing gloves for 157 gold pieces
 19177 | Orc:1    | Bought a shiny helmet for 157 gold pieces
 19201 | Orc:2    | Entered Level 2 of the Orcish Mines
 19298 | Orc:2    | Reached skill level 5 in Dodging
 19564 | Orc:2    | Reached skill level 5 in Maces & Flails
 20149 | Orc:2    | Found Ybiger's General Store.
 20257 | D:10     | Entered Level 10 of the Dungeon
 20477 | D:10     | Found a runed translucent door.
 20492 | D:10     | Reached skill level 10 in Maces & Flails
 20497 | D:10     | Gained mutation: Your large and strong wings let you fly.
                  | [Gargoyle growth]
 20497 | D:10     | Reached XP level 14. HP: 68/68 MP: 15/28
 20783 | D:10     | Found a stormy altar of Qazlal.
 21038 | D:10     | Found a glowing golden altar of the Shining One.
 21266 | D:11     | Found a runed translucent gate.
 21266 | D:11     | Found a runed translucent gate.
 21267 | D:11     | Found a runed translucent gate.
 21270 | D:11     | Noticed superradish's ghost (journeyman TrGl)
 21694 | D:11     | Noticed a storm dragon
 21715 | D:11     | Noticed an emperor scorpion
 21715 | D:11     | a storm dragon changed into an emperor scorpion
 21915 | D:12     | Found a white marble altar of Elyvilon.
 22634 | Orc:1    | Reached skill level 1 in Fighting
 23085 | Orc:2    | Found a staircase to the Elven Halls.
 23456 | Orc:2    | Reached skill level 5 in Fighting
 23546 | Orc:2    | Noticed an orc warlord
 23550 | Orc:2    | Killed an orc warlord
 23686 | Orc:2    | Found Loel's Antique Armour Shoppe.
 23686 | Orc:2    | Found Ashrutty's Jewellery Boutique.
 23991 | Orc:2    | Found Tiheyl's Magic Scroll Boutique.
 24008 | Orc:2    | Bought a scroll of teleportation for 48 gold pieces
 24008 | Orc:2    | Bought a scroll of teleportation for 48 gold pieces
 24667 | Orc:2    | Bought a scroll of fear for 44 gold pieces
 24667 | Orc:2    | Bought a scroll of fear for 44 gold pieces
 24724 | Orc:2    | Bought a pair of glowing gloves for 240 gold pieces
 24724 | Orc:2    | Bought a pitted scale mail for 288 gold pieces
 24724 | Orc:2    | Identified the +3 scale mail of Contentment {*Slow rC+
                  | Str+2 Slay+3} (You bought it in a shop on level 2 of the
                  | Orcish Mines)
 24760 | Elf:1    | Entered Level 1 of the Elven Halls
 25064 | D:6      | Killed Crazy Yiuf
 25673 | Lair:5   | Entered Level 5 of the Lair of Beasts
 26279 | Lair:5   | Reached skill level 10 in Fighting
 26282 | Lair:5   | Noticed Snorg
 26292 | Lair:5   | Killed Snorg
 26845 | Lair:5   | Reached XP level 15. HP: 93/93 MP: 22/29
 26849 | Lair:5   | Learned a level 3 spell: Mephitic Cloud
 26919 | Lair:5   | Reached skill level 1 in Fire Magic
 26919 | Lair:5   | Reached skill level 1 in Poison Magic
 27032 | Lair:5   | Learned a level 3 spell: Ignite Poison
 27662 | Snake:1  | Entered Level 1 of the Snake Pit
 27730 | Snake:1  | Noticed Aizul
 27734 | Snake:1  | Killed Aizul
 27801 | Snake:1  | Noticed Jorgrun
 28123 | Snake:1  | Found Unisiyv's Antique Weapon Boutique.
 28170 | Snake:1  | Reached skill level 5 in Fire Magic
 28170 | Snake:1  | Reached skill level 5 in Poison Magic
 29018 | Snake:2  | Noticed Louise
 29145 | Snake:2  | Noticed Vashnia
 29392 | Snake:2  | Killed Louise
 29400 | Snake:2  | Noticed Mlioglotl
 29418 | Snake:2  | Killed Mlioglotl
 29657 | Snake:2  | Noticed Saint Roka
 29671 | Snake:2  | Killed Saint Roka
 30266 | Shoals:1 | Entered Level 1 of the Shoals
 30283 | Shoals:1 | Found a flickering gateway to a bazaar.
 30310 | Bazaar   | Entered a bazaar
 30310 | Bazaar   | Found Boham's Assorted Antiques.
 30310 | Bazaar   | Found Iqunn's Magic Scroll Emporium.
 30311 | Bazaar   | Found Detufohe's Magic Scroll Shoppe.
 30311 | Bazaar   | Found Icagi's Weapon Shoppe.
 30329 | Bazaar   | Bought a scroll of blinking for 90 gold pieces
 30337 | Bazaar   | Bought a scroll of teleportation for 36 gold pieces
 30337 | Bazaar   | Bought a scroll of teleportation for 36 gold pieces
 30337 | Bazaar   | Bought a scroll of fear for 48 gold pieces
 30337 | Bazaar   | Bought a scroll of teleportation for 36 gold pieces
 30337 | Bazaar   | Bought a scroll of fear for 48 gold pieces
 30347 | Bazaar   | Bought a scroll of butterflies for 44 gold pieces
 30347 | Bazaar   | Bought a scroll of butterflies for 44 gold pieces
 30347 | Bazaar   | Bought a scroll of teleportation for 33 gold pieces
 30347 | Bazaar   | Bought a scroll of teleportation for 33 gold pieces
 30347 | Bazaar   | Bought a scroll of magic mapping for 82 gold pieces
 30347 | Bazaar   | Bought a scroll of enchant armour for 82 gold pieces
 30351 | Bazaar   | Bought a thin runed staff for 252 gold pieces
 30351 | Bazaar   | Bought a potion of curing for 63 gold pieces
 30361 | Bazaar   | Bought a scroll of magic mapping for 90 gold pieces
 30361 | Bazaar   | Bought a scroll of poison for 48 gold pieces
 30829 | Shoals:1 | Reached XP level 16. HP: 98/98 MP: 14/30
 31252 | Shoals:1 | Identified Roxanne's Papyrus of Geology
 31252 | Shoals:1 | Noticed Roxanne
 32403 | Shoals:2 | Found Pikemyos's Book Shop.
 32419 | Shoals:2 | Learned a level 5 spell: Borgnjor's Vile Clutch
 32419 | Shoals:2 | Bought a book of Spectacle for 608 gold pieces
 32424 | Shoals:2 | Learned a level 4 spell: Iskenderun's Mystic Blast
 32484 | Shoals:2 | Reached skill level 1 in Necromancy
 33349 | Shoals:3 | Identified the +2 pair of gloves "Iblehouss" {Str+4}
 33349 | Shoals:3 | Noticed Nikola
 33362 | Shoals:3 | Killed Nikola
 33645 | Shoals:3 | Reached skill level 5 in Necromancy
 34475 | Orc:2    | Learned a level 6 spell: Starburst
 34589 | Elf:1    | Got Moexzuc's Vellum of the Salvo
 34599 | Elf:1    | Learned a level 5 spell: Fireball
 34689 | Elf:1    | Found Qoiwon's Antique Weapon Emporium.
 34854 | Elf:1    | Reached XP level 17. HP: 101/103 MP: 6/33
 34885 | Elf:1    | Reached skill level 1 in Evocations
 35139 | Elf:1    | You are sucked into a shaft and drop 1 floor!
 35157 | Elf:2    | Learned a level 2 spell: Passwall
 36784 | Elf:2    | Found a runed translucent gate.
 36785 | Elf:2    | Found a runed translucent gate.
 36785 | Elf:2    | Found a runed translucent gate.
 36894 | Elf:2    | Found a shimmering blue altar of Sif Muna.
 37318 | Elf:2    | Paralysed by an air elemental for 1 turns
 37330 | Elf:2    | Reached skill level 5 in Evocations
 37594 | Elf:2    | Paralysed by an air elemental for 1 turns
 38066 | Snake:1  | Killed Jorgrun
 38912 | Snake:3  | Identified the +2 flail of Arrival {vorpal, *Rage Dex+5
                  | SInv}
 39026 | Snake:3  | Reached XP level 18. HP: 108/108 MP: 17/36
 39096 | Snake:4  | Entered Level 4 of the Snake Pit
 39116 | Snake:4  | Noticed Agnes
 39119 | Snake:4  | Killed Agnes
 39671 | Snake:4  | Found Fiedgh's Assorted Antiques.
 39671 | Snake:4  | Noticed Bai Suzhen
 39677 | Snake:4  | Killed Bai Suzhen
 39678 | Snake:4  | Reached skill level 10 in Fire Magic
 39903 | Snake:4  | Reached skill level 15 in Spellcasting
 39903 | Snake:4  | Reached XP level 19. HP: 113/113 MP: 36/38
 39904 | Snake:4  | Reached skill level 1 in Throwing
 39904 | Snake:4  | Reached XP level 20. HP: 119/119 MP: 36/39
 41050 | Snake:4  | Got a serpentine rune of Zot
 41329 | Snake:4  | Bought a pearl ring for 165 gold pieces
 41400 | Snake:2  | Killed Vashnia
 41923 | Shoals:4 | Entered Level 4 of the Shoals
 42431 | Shoals:4 | Got a barnacled rune of Zot
 42647 | Shoals:4 | Learned a level 1 spell: Magic Dart
 43064 | Shoals:4 | Paralysed by an air elemental for 1 turns
 43090 | Shoals:4 | Reached XP level 21. HP: 123/125 MP: 9/40
 43299 | Shoals:4 | Found a blossoming altar of Fedhas.
 43890 | Shoals:1 | Killed Roxanne
 43921 | Shoals:1 | Learned a level 5 spell: Lee's Rapid Deconstruction
 44428 | D:11     | Killed superradish's ghost
 44596 | D:13     | Found a gate to the Vaults.
 44619 | D:13     | Found a flickering gateway to a bazaar.
 44638 | Bazaar   | Entered a bazaar
 44638 | Bazaar   | Found Sinumuv's Antique Armour Emporium.
 44638 | Bazaar   | Found Tiugim's Magic Scroll Shoppe.
 44638 | Bazaar   | Found Juanuus's Weapon Shoppe.
 44638 | Bazaar   | Found Unaixi's Armour Emporium.
 44660 | Bazaar   | Bought a +2 buckler of reflection for 166 gold pieces
 44681 | Bazaar   | Bought a scroll of summoning for 85 gold pieces
 44681 | Bazaar   | Bought 3 scrolls of fear for 108 gold pieces
 44687 | Bazaar   | Bought a crude leather armour for 203 gold pieces
 44687 | Bazaar   | Identified the +1 leather armour of Conscience {rF+} (You
                  | bought it in a shop in a bazaar)
 44711 | D:13     | Identified the +4 war axe of the Wilderness {drain, rElec
                  | rPois Int+2 Stlth-}
 44967 | D:13     | Reached skill level 1 in Transmutations
 45134 | D:13     | Reached skill level 1 in Shields
 46836 | D:15     | Entered Level 15 of the Dungeon
 47059 | D:15     | Found a gate leading to a gauntlet.
 47068 | Gauntlet | Entered a Gauntlet
 47068 | Gauntlet | Found a transporter.
 47068 | Gauntlet | Found a transporter.
 47081 | Gauntlet | Found a transporter.
 47089 | Gauntlet | Found the +9 scales of the Dragon King {rPois rF+ rC+
                  | Will+}
 47099 | Gauntlet | Found a transporter.
 47099 | Gauntlet | Found a transporter.
 47102 | Gauntlet | Found a transporter.
 47102 | Gauntlet | Found a transporter.
 47102 | Gauntlet | Found a transporter.
 47115 | Gauntlet | Found a transporter.
 47132 | Gauntlet | Found a transporter.
 47136 | Gauntlet | Found a runed translucent door.
 47143 | Gauntlet | Found a transporter.
 47159 | Gauntlet | Found a transporter.
 47179 | Gauntlet | Found a transporter.
 47188 | Gauntlet | Found a runed translucent door.
 47188 | Gauntlet | Found a runed translucent door.
 47192 | Gauntlet | Found a transporter.
 47608 | Gauntlet | Identified the ring "Etyot" {Fly rPois rF+ rCorr}
 47800 | D:15     | Found a staircase to the Depths.
 48319 | D:15     | Identified the +6 spear "Vacuteuq" {drain, rElec rF++
                  | Str+3}
 48570 | Vaults:1 | Entered Level 1 of the Vaults
 49482 | Vaults:1 | Identified the +8 hand axe of the Evil Eye {speed, rPois}
 50941 | Vaults:2 | Noticed Donald
 50946 | Vaults:2 | Killed Donald
 51191 | Vaults:2 | Found a flickering gateway to a bazaar.
 51200 | Bazaar   | Entered a bazaar
 51214 | Bazaar   | Found Fuffuli's Antique Armour Emporium.
 51214 | Bazaar   | Found Namiv's Book Shoppe.
 51236 | Bazaar   | Found Akhiba's Antique Armour Emporium.
 51236 | Bazaar   | Found Miciewes's Magic Scroll Shoppe.
 51240 | Bazaar   | Bought a scroll of blinking for 75 gold pieces
 51240 | Bazaar   | Bought a scroll of teleportation for 30 gold pieces
 51240 | Bazaar   | Bought a scroll of fear for 40 gold pieces
 51257 | Bazaar   | Found Sahuvoagg's Weapon Emporium.
 51279 | Bazaar   | Found Uraod's Armour Emporium.
 51279 | Bazaar   | Found Iptud's Book Shoppe.
 51379 | Bazaar   | Bought an embroidered scarf for 296 gold pieces
 51418 | Bazaar   | Bought a runed leather armour for 110 gold pieces
 51599 | Vaults:2 | Reached XP level 22. HP: 115/132 MP: 30/41
 52419 | Vaults:2 | Found a runed translucent gate.
 52419 | Vaults:2 | Found an ancient bone altar of Kikubaaqudgha.
 52419 | Vaults:2 | Found a runed translucent gate.
 52419 | Vaults:2 | Found a runed translucent gate.
 52419 | Vaults:2 | Noticed a dread lich
 52419 | Vaults:2 | Noticed an ancient lich
 52419 | Vaults:2 | Noticed an ancient lich
 52420 | Vaults:2 | Noticed rgbqcd's ghost (veteran MiBe)
 52689 | Vaults:2 | Found a staircase to the Crypt.
 53654 | Vaults:3 | Identified the +0 ring mail of the Durable God {Harm rElec}
 54241 | Vaults:3 | Reached skill level 5 in Shields
 56216 | Vaults:4 | Reached XP level 23. HP: 140/140 MP: 37/43
 56441 | Vaults:4 | Paralysed by a great orb of eyes for 3 turns
 56540 | Vaults:4 | Found Ecleikho's Assorted Antiques.
 56554 | Vaults:4 | Bought a scroll of enchant armour for 195 gold pieces
 56554 | Vaults:4 | Bought a wand of paralysis (4) for 249 gold pieces
 56554 | Vaults:4 | Bought a bloodstained broad axe for 234 gold pieces
 56554 | Vaults:4 | Identified the +3 broad axe of Egomania {vorpal, *Noise
                  | rPois rN++ Dex+3} (You bought it in a shop on level 4 of
                  | the Vaults)
 57534 | Vaults:4 | Learned a level 2 spell: Blink
 57654 | Vaults:5 | Entered Level 5 of the Vaults
 57659 | Vaults:5 | Noticed a dread lich
 57663 | Vaults:5 | Killed a dread lich
 57669 | Vaults:5 | Reached skill level 5 in Transmutations
 57729 | Vaults:5 | Identified the +10 mace "Doov" {flame, rCorr}
 57809 | Vaults:5 | Identified a scroll of acquirement
 57919 | Vaults:5 | Paralysed by a sphinx for 3 turns
 58147 | Vaults:5 | Identified the +10 falchion of Nek Omar {drain, MP-9 Int+7
                  | Dex+4 SInv}
 59043 | Vaults:5 | Noticed Mennas
 59057 | Vaults:5 | Noticed a golden dragon
 59192 | Vaults:5 | Killed a golden dragon
 59193 | Vaults:5 | Reached XP level 24. HP: 142/147 MP: 27/43
 59243 | Abyss:2  | Cast into level 2 of the Abyss (a deep elf sorcerer)
 59907 | Vaults:5 | Escaped the Abyss
 59934 | Vaults:5 | Identified the ring of Headopef {rElec rF- rN+ Str+8}
 60425 | Orc:2    | Bought a scroll of acquirement for 832 gold pieces
 60783 | Elf:2    | Reached skill level 15 in Fire Magic
 61225 | Elf:3    | Entered Level 3 of the Elven Halls
 61833 | Elf:3    | Identified the +1 scimitar "Tecisiej" {flame, rF+ rCorr
                  | MP+9 Str+3}
 61966 | Elf:3    | Identified the ring "Qeleh" {Contam rPois MP+9 Dex+4}
 62001 | Elf:3    | Identified the +3 flail of Feloh {pain, rN+ Will+ Dex+3}
 62050 | Elf:3    | Found the +8 storm bow {elec, penet}
 62061 | Elf:3    | Identified the amulet "Egucom" {Reflect SH+5 Stlth+}
 62510 | Elf:3    | Found Ranath's Antique Weapon Emporium.
 63112 | Vaults:5 | Identified the ring of Bodily Harmony {rElec Str+4 Int+3
                  | Dex-2 SInv}
 63641 | Vaults:5 | Bought a transparent helmet for 313 gold pieces
 63641 | Vaults:5 | Identified the +2 helmet "Yplisum" {Will+} (You bought it
                  | in a shop on level 5 of the Vaults)
 63641 | Vaults:5 | Bought a potion of ambrosia for 264 gold pieces
 63706 | Vaults:5 | Identified the +6 dire flail of Hard Scrabble {elec, rF-
                  | Dex+5}
 63720 | Vaults:5 | Identified the +4 battleaxe of Deformation {venom, rN+}
 64291 | Vaults:5 | Found the +8 Vampire's Tooth {vamp}
 64295 | Vaults:5 | Got a silver rune of Zot
 64311 | Vaults:5 | Got Sif Muna's Handbook of Forms
 64422 | Vaults:5 | Identified the +1 chain mail of Day {-Cast Str-2 Dex+7
                  | SInv}
 65291 | D:15     | Bought the ring of Lusenwipp {Will+ Int+6 Dex+2 Stlth+} for
                  | 1223 gold pieces
 65312 | Depths:1 | Entered Level 1 of the Depths
 65409 | Depths:1 | Found Leqewiug's Jewellery Shop.
 65425 | Depths:1 | Found Fojili's Armour Boutique.
 65444 | Depths:1 | Found Antiuggu's Weapon Shop.
 65525 | Depths:1 | Found a flickering gateway to a bazaar.
 65545 | Bazaar   | Entered a bazaar
 65545 | Bazaar   | Found Rixiceg's Antique Weapon Boutique.
 65585 | Bazaar   | Found Sufeck's Magic Scroll Shoppe.
 65593 | Bazaar   | Bought a scroll of fear for 64 gold pieces
 65593 | Bazaar   | Found Geina's General Store.
 65601 | Bazaar   | Bought a book of Annihilations for 780 gold pieces
 65604 | Bazaar   | Found Ajaileit's Book Boutique.
 65612 | Bazaar   | Bought a Necronomicon for 616 gold pieces
 65615 | Bazaar   | Found Cokkiruq's Antique Armour Emporium.
 65658 | Bazaar   | Bought a book of Power for 462 gold pieces
 65677 | Bazaar   | Bought a scroll of amnesia for 64 gold pieces
 65685 | Bazaar   | Bought a potion of haste for 130 gold pieces
 65685 | Bazaar   | Bought a potion of resistance for 130 gold pieces
 65752 | Depths:1 | Reached XP level 25. HP: 153/153 MP: 33/44
 65948 | Depths:1 | Found Meejathy's Antique Weapon Emporium.
 66107 | Depths:1 | Found a gateway to Hell.
 66984 | Depths:1 | Reached skill level 10 in Necromancy
 67039 | Depths:1 | Found a one-way gate to the infinite horrors of the Abyss.
 68873 | Depths:2 | Found a bloodstained altar of Trog.
 69405 | Depths:2 | Found a one-way gate leading to the halls of Pandemonium.
 69475 | Depths:2 | Identified the +1 leather armour "Pujo" {Harm *Corrode
                  | rPois MP+9}
 69476 | Depths:2 | Identified the ring of Neebog {Fly rN+}
 70398 | Depths:3 | Noticed Grunn
 70443 | Depths:2 | Acquired ratmagoo's Tome of Battling
 70899 | Depths:3 | Found the +7 great mace "Undeadhunter" {disrupt, rN+}
 71431 | Depths:3 | Noticed Margery
 71977 | Depths:3 | Noticed a juggernaut
 72005 | Depths:3 | Killed a juggernaut
 72006 | Depths:3 | Reached XP level 26. HP: 154/159 MP: 22/44
 72104 | Depths:3 | Killed Margery
 72544 | Depths:3 | Killed Grunn
 73024 | Depths:3 | Found a corrupted altar of Lugonu.
 73451 | Depths:3 | Found a hazy altar of Hepliaklqana.
 73498 | Depths:4 | Entered Level 4 of the Depths
 75014 | Depths:4 | Found a one-way gateway to a ziggurat.
 75331 | Depths:4 | Found a sacrificial altar of Ru.
 75429 | Depths:4 | Found a gate to the Realm of Zot.
 75854 | Zot:1    | Entered Level 1 of the Realm of Zot
 77497 | Zot:1    | Reached XP level 27. HP: 162/164 MP: 22/45
 77734 | Zot:2    | Found the +4 dragonskin cloak
 77734 | Zot:2    | Noticed Tiamat
 77747 | Zot:2    | Killed Tiamat
 78607 | Zot:2    | Noticed an orb of fire
 78610 | Zot:2    | Killed an orb of fire
 82641 | Zot:4    | Learned a level 9 spell: Shatter
 82742 | Zot:5    | Entered Level 5 of the Realm of Zot
 83396 | Zot:5    | Noticed an ancient lich
 83401 | Zot:5    | Killed an ancient lich
 83443 | Zot:5    | Noticed a dread lich
 83448 | Zot:5    | Killed a dread lich
 83546 | Zot:5    | Noticed an orb of fire
 83548 | Zot:5    | Gained mutation: You have hidden genetic defects. [an orb
                  | of fire]
 83551 | Zot:5    | Gained mutation: You sometimes lose your temper in combat.
                  | [an orb of fire]
 83553 | Zot:5    | Killed an orb of fire
 83737 | Zot:5    | Lost mutation: You have hidden genetic defects. [potion of
                  | mutation]
 83737 | Zot:5    | Lost mutation: You sometimes lose your temper in combat.
                  | [potion of mutation]
 83737 | Zot:5    | Gained mutation: Your muscles are strong. (Str +4, Int/Dex
                  | -1) [potion of mutation]
 83859 | Zot:5    | Noticed an orb of fire
 83870 | Zot:5    | Killed an orb of fire
 84479 | Zot:5    | Noticed a dread lich
 84481 | Zot:5    | Killed a dread lich
 84681 | Zot:5    | Noticed an orb of fire
 84695 | Zot:5    | Gained mutation: You are occasionally teleported next to
                  | monsters. [an orb of fire]
 84696 | Zot:5    | Gained mutation: Your magical capacity is low. (-10% MP)
                  | [an orb of fire]
 84704 | Zot:5    | Noticed an orb of fire
 84705 | Zot:5    | Gained mutation: Armour fits poorly on your strangely
                  | shaped body. [an orb of fire]
 84707 | Zot:5    | Noticed an orb of fire
 84711 | Zot:5    | Noticed an orb of fire
 84954 | Zot:5    | Killed an orb of fire
 84955 | Zot:5    | Lost mutation: Your muscles are strong. (Str +4, Int/Dex
                  | -1) [potion of mutation]
 84955 | Zot:5    | Lost mutation: You are occasionally teleported next to
                  | monsters. [potion of mutation]
 84955 | Zot:5    | Lost mutation: Armour fits poorly on your strangely shaped
                  | body. [potion of mutation]
 84955 | Zot:5    | Gained mutation: Your mind is acute. (Int +4, Str/Dex -1)
                  | [potion of mutation]
 84955 | Zot:5    | Gained mutation: Your mind is very acute. (Int +8, Str/Dex
                  | -2) [potion of mutation]
 85225 | Zot:4    | Learned a level 9 spell: Fire Storm
 85244 | Zot:5    | Killed an orb of fire
 85278 | Zot:5    | Noticed a dread lich
 85283 | Zot:5    | Killed a dread lich
 85327 | Zot:5    | Killed an orb of fire
 85716 | Zot:5    | Lost mutation: Your mind is very acute. (Int +8, Str/Dex
                  | -2) [an orb of fire]
 85719 | Zot:5    | Gained mutation: You are weak. (Str -2) [an orb of fire]
 85721 | Zot:5    | Killed an orb of fire
 85980 | Zot:5    | Noticed an ancient lich
 85989 | Zot:5    | Killed an ancient lich
 86040 | Zot:5    | Noticed an ancient lich
 86044 | Zot:5    | Killed an ancient lich
 86048 | Zot:5    | Noticed a dread lich
 86055 | Zot:5    | Killed a dread lich
 87149 | Slime:1  | Entered Level 1 of the Pits of Slime
 89673 | Slime:5  | Entered Level 5 of the Pits of Slime
 89772 | Slime:5  | Noticed the Royal Jelly
 89774 | Slime:5  | Killed the Royal Jelly
 90184 | Slime:5  | Found the +1 robe of Vines {NoPotionHeal Regen++++}
 90306 | Slime:5  | Identified the ring of Ethics {rC+ rCorr Int+4}
 90334 | Slime:5  | Identified the +11 plate armour of Mumblety Peg {Dex+3
                  | SInv}
 90363 | Slime:5  | Got a slimy rune of Zot
 90396 | Slime:5  | Identified the +6 war axe of Agony {pain, rF++ Will- Str+3}
 90401 | Slime:5  | Identified the +0 chain mail of Mifiplem {rF- rN+ Str+3
                  | Int+3}
 90647 | Lair:4   | Killed fantasyman's ghost
 90786 | Lair:4   | Acquired 1002 gold pieces
 90790 | Lair:4   | Acquired 769 gold pieces
 91070 | Depths:1 | Voluntarily entered the Abyss.
 91435 | Abyss:2  | Identified the +2 tower shield of Luqutoti {Drain rC++}
 92008 | Abyss:3  | Found an ornate altar of the Wu Jian Council.
 92101 | Abyss:4  | Found a corrupted altar of Lugonu.
 92252 | Abyss:5  | Got an abyssal rune of Zot
 92359 | Depths:1 | Escaped the Abyss
 92566 | Crypt:1  | Entered Level 1 of the Crypt
 92715 | Crypt:1  | Reached skill level 27 in Conjurations
 93179 | Crypt:1  | Found a runed door.
 93411 | Crypt:1  | Noticed a dread lich
 93413 | Crypt:1  | Killed a dread lich
 93462 | Crypt:1  | Identified the +3 plate armour of the Earth {Dex+4}
 93486 | Crypt:1  | Got Xehinut's Parchment of Adjuration
 95674 | Crypt:3  | Entered Level 3 of the Crypt
 97001 | Crypt:3  | Found a staircase to the Tomb.
 97089 | Crypt:3  | Noticed a dread lich
 97089 | Crypt:3  | Noticed a dread lich
 97090 | Crypt:3  | Noticed an ancient lich
 97090 | Crypt:3  | Noticed an ancient lich
 97135 | Crypt:3  | Killed a dread lich
 97135 | Crypt:3  | Killed a dread lich
 97185 | Crypt:3  | Killed an ancient lich
 97190 | Crypt:3  | Killed an ancient lich
 97244 | Crypt:3  | Identified the +9 shortbow "Waasm" {vorpal, rF+ Dex+4}
 97251 | Crypt:3  | Got the Almanac of Death
 97252 | Crypt:3  | Identified the +0 chain mail "Jyxuh" {rCorr Dex+4 Slay+3
                  | Stlth+}
 97259 | Crypt:3  | Identified the +4 trident "Conservator" {vorpal, Fly rN++
                  | Dex+4 Stlth+}
 97383 | Tomb:1   | Entered Level 1 of the Tomb of the Ancients
 97479 | Crypt:3  | Acquired 875 gold pieces
 97760 | Depths:2 | Acquired 766 gold pieces
 97766 | Pan      | Entered Pandemonium
 97880 | Pan      | Noticed Avosh the pandemonium lord
 97906 | Pan      | Killed Avosh the pandemonium lord
 98255 | Pan      | Got a demonic rune of Zot
 98265 | Pan      | Got the Omnibus of Invitation
100122 | Pan      | Reached skill level 1 in Staves
100172 | Pan      | Found a huge runed translucent gate.
100179 | Pan      | Found a huge runed translucent gate.
100324 | Pan      | Found an exit through the horrors of the Abyss.
100493 | Pan      | Found a huge runed translucent gate.
100494 | Pan      | Found a huge runed translucent gate.
100494 | Pan      | Found a huge runed translucent gate.
100494 | Pan      | Found a huge runed translucent gate.
100495 | Pan      | Found a huge runed translucent gate.
100497 | Pan      | Noticed Kiv Wa Ydghi the pandemonium lord
100506 | Pan      | Killed Kiv Wa Ydghi the pandemonium lord
100507 | Pan      | Reached skill level 27 in Earth Magic
101353 | Pan      | Noticed Baasadot the pandemonium lord
101359 | Pan      | Killed Baasadot the pandemonium lord
103687 | Pan      | Gained mutation: You are frail. (-10% HP) [a neqoxec]
103694 | Pan      | Noticed Teshum the pandemonium lord
103703 | Pan      | Killed Teshum the pandemonium lord
103704 | Pan      | Reached skill level 5 in Staves
104984 | Pan      | Entered the realm of Cerebov.
105239 | Pan      | Reached skill level 15 in Fighting
105343 | Pan      | Learned a level 8 spell: Lehudib's Crystal Spear
105864 | Pan      | Identified the +9 trident of Powerful Subterfuge {pain,
                  | Will+ Str+6}
106464 | Pan      | Identified the +9 executioner's axe "Anleig" {holy, rPois
                  | Int+5 Dex-3}
106549 | Pan      | Identified the +4 lajatang of Poverty {drain, Str+6 Int-3}
106549 | Pan      | Identified the +4 fire dragon scales of Fedhas's Grace
                  | {Rampage +Inv rPois rF++ rC- Int-2}
106631 | Pan      | Identified the +9 dagger of Ugolac {antimagic, rC- Will++
                  | Str+4}
106721 | Pan      | Found the +6 sword of Cerebov {flame}
106721 | Pan      | Noticed Cerebov
106737 | Pan      | Killed Cerebov
106758 | Pan      | Got a fiery rune of Zot
107190 | Pan      | Noticed Paruquny the pandemonium lord
107193 | Pan      | Killed Paruquny the pandemonium lord
107929 | Pan      | Identified the +0 ring mail of Fun and Games {Dex+2 Stlth+}
108891 | Pan      | Noticed Beiweont the pandemonium lord
108906 | Pan      | Killed Beiweont the pandemonium lord
109949 | Pan      | Noticed Biv Xysk the pandemonium lord
109962 | Pan      | Killed Biv Xysk the pandemonium lord
112075 | Pan      | Found an exit through the horrors of the Abyss.
112087 | Pan      | Identified the +1 robe of a treasure trove {Will+ MP+9
                  | Int+4}
112567 | Pan      | Found Zoenisi's Superb Hardware.
112568 | Pan      | Found an opulent altar of Gozag.
112571 | Pan      | Found Zoenisi's Exquisite Manuscripts.
112571 | Pan      | Noticed a dread lich
112576 | Pan      | Killed a dread lich
112618 | Pan      | Reached skill level 27 in Fire Magic
112626 | Pan      | Found an opulent altar of Gozag.
112634 | Pan      | Found Zoenisi's Book Shoppe.
112634 | Pan      | Noticed a dread lich
112653 | Pan      | Noticed Zoenisi the pandemonium lord
112655 | Pan      | Killed Zoenisi the pandemonium lord
112677 | Pan      | Reached skill level 10 in Stealth
112683 | Pan      | Killed a dread lich
112695 | Pan      | Found an opulent altar of Gozag.
112702 | Pan      | Found Zoenisi's Rarities Hole.
112784 | Pan      | Bought a scroll of magic mapping for 157 gold pieces
113385 | Pan      | Bought a +0 pair of boots of rampaging for 184 gold pieces
114418 | Pan      | Noticed Kerium the pandemonium lord
114420 | Pan      | Killed Kerium the pandemonium lord
114437 | Pan      | Reached skill level 10 in Shields
114550 | Pan      | Reached skill level 10 in Armour
114947 | Pan      | Entered the realm of Mnoleg.
114966 | Pan      | Found an exit through the horrors of the Abyss.
115514 | Pan      | Gained mutation: You have large cloven feet. [a neqoxec]
115984 | Pan      | Gained mutation: You have hidden genetic defects. [a
                  | shining eye]
115985 | Pan      | Gained mutation: Your magical capacity is very low. (-20%
                  | MP) [a shining eye]
115989 | Pan      | Lost mutation: You have large cloven feet. [a neqoxec]
116465 | Pan      | Gained mutation: You occasionally shout uncontrollably at
                  | your foes. [a neqoxec]
116468 | Pan      | Lost mutation: Your mind is acute. (Int +4, Str/Dex -1)
                  | [potion of mutation]
116468 | Pan      | Lost mutation: Your magical capacity is very low. (-20% MP)
                  | [potion of mutation]
116468 | Pan      | Lost mutation: You are weak. (Str -2) [potion of mutation]
116468 | Pan      | Gained mutation: Your spells are a little harder to cast,
                  | but a little more powerful. [potion of mutation]
116469 | Pan      | Noticed Mnoleg
116479 | Pan      | Killed Mnoleg
116491 | Pan      | Lost mutation: You occasionally shout uncontrollably at
                  | your foes. [potion of mutation]
116491 | Pan      | Lost mutation: You are frail. (-10% HP) [potion of
                  | mutation]
116491 | Pan      | Gained mutation: Your muscles are strong. (Str +4, Int/Dex
                  | -1) [potion of mutation]
116491 | Pan      | Lost mutation: You have hidden genetic defects. [potion of
                  | mutation]
116491 | Pan      | Gained mutation: You occasionally shout uncontrollably at
                  | your foes. [potion of mutation]
116492 | Pan      | Lost mutation: Your muscles are strong. (Str +4, Int/Dex
                  | -1) [potion of mutation]
116492 | Pan      | Lost mutation: Your magical capacity is low. (-10% MP)
                  | [potion of mutation]
116492 | Pan      | Gained mutation: You are robust. (+10% HP) [potion of
                  | mutation]
116492 | Pan      | Gained mutation: You have a somewhat thin skeletal
                  | structure. (Dex +2, Stealth+) [potion of mutation]
116492 | Pan      | Gained mutation: You have large cloven feet. [potion of
                  | mutation]
116877 | Pan      | Got a glowing rune of Zot
117010 | Pan      | Lost mutation: Your spells are a little harder to cast, but
                  | a little more powerful. [a cacodemon]
117283 | Pan      | Entered the realm of Lom Lobon.
117832 | Pan      | Found an exit through the horrors of the Abyss.
118684 | Pan      | Noticed Lom Lobon
118710 | Pan      | Killed Lom Lobon
118874 | Pan      | Got a magical rune of Zot
119413 | Pan      | Entered the realm of Gloorx Vloq.
120744 | Pan      | Noticed Gloorx Vloq
120750 | Pan      | Killed Gloorx Vloq
120884 | Pan      | Got a dark rune of Zot
121570 | Pan      | Found an exit through the horrors of the Abyss.
121653 | Pan      | Noticed Oxayxkef the pandemonium lord
121679 | Pan      | Killed Oxayxkef the pandemonium lord
121838 | Pan      | Found a runed translucent door.
123562 | Pan      | Identified the +0 chain mail of Ittuucou {Int+3 Stlth-}
124380 | Depths:2 | Escaped Pandemonium
124593 | Vaults:2 | Killed an ancient lich
124593 | Vaults:2 | Killed an ancient lich
124594 | Vaults:2 | Killed a dread lich
124596 | Vaults:2 | Killed rgbqcd's ghost
124629 | Vaults:2 | Identified the amulet "Poab" {rElec rN++ Regen+ Int-3
                  | Stlth+}
124637 | Vaults:2 | Identified the +1 pair of boots of Snakes and Ladders
                  | {Slay+3}
124941 | Zig:1    | Entered Level 1 of a ziggurat
124997 | Zig:2    | Entered Level 2 of a ziggurat
125014 | Zig:2    | Identified the +6 falchion of Zown {vorpal, rPois rC+ rCorr
                  | Dex+4}
125023 | Zig:3    | Entered Level 3 of a ziggurat
125078 | Zig:3    | Identified the +2 leather armour of the Watchman {rElec rF-
                  | Dex+7}
125096 | Zig:4    | Entered Level 4 of a ziggurat
125098 | Zig:4    | Noticed Guecem the pandemonium lord
125105 | Zig:4    | Killed Guecem the pandemonium lord
125172 | Zig:5    | Entered Level 5 of a ziggurat
125256 | Zig:6    | Entered Level 6 of a ziggurat
125322 | Zig:7    | Entered Level 7 of a ziggurat
125505 | Zig:7    | Identified the +8 shortbow "Killer Klown's Foe" {venom,
                  | rC+}
125513 | Zig:8    | Entered Level 8 of a ziggurat
125524 | Zig:8    | Noticed a juggernaut
125527 | Zig:8    | Killed a juggernaut
125592 | Zig:8    | Identified the +1 kite shield "Pumur" {Contam Int+2 Dex+8}
125598 | Zig:8    | Identified the +1 arbalest "Niecsidd" {flame, rN++ Int-3}
125603 | Zig:8    | Got Moruy's Directory of Hurtful Charms
125614 | Zig:9    | Entered Level 9 of a ziggurat
125685 | Zig:9    | Identified the +1 mace of Contention {flame, rF+ rN+ Dex+3}
125705 | Zig:10   | Entered Level 10 of a ziggurat
125822 | Zig:10   | Identified the +8 scimitar "Ixopusmu" {chaos, Str+3}
125848 | Zig:11   | Entered Level 11 of a ziggurat
125935 | Zig:11   | Got Laapueno's Teachings on Sweltering Malediction
125971 | Zig:12   | Entered Level 12 of a ziggurat
125983 | Zig:12   | Paralysed by an air elemental for 1 turns
125984 | Zig:12   | Reached skill level 10 in Transmutations
126092 | Zig:12   | Identified the +7 flail "Radd" {spect, rElec Will+++ Str-2
                  | Int-2}
126100 | Zig:12   | Identified the +7 glaive "Wyaxiung" {antimagic, Stlth+}
126136 | Zig:13   | Entered Level 13 of a ziggurat
126157 | Zig:13   | Found the necklace of Bloodlust {*Rage Will++ Int-3 Slay+6}
126311 | Zig:14   | Entered Level 14 of a ziggurat
126455 | Zig:14   | Identified the ring "Vamm" {rF+ rC+}
126463 | Zig:14   | Identified the ring "Hocuwneor" {rF+ rCorr Str+2 Int+4}
126467 | Zig:14   | Identified the +9 chain mail of Words of Power {-Cast Fly
                  | rF+ Str+2}
126468 | Zig:14   | Identified the ring "Qileczab" {rCorr Int+2 Dex-4 Slay+4}
126474 | Zig:14   | Identified the ring "Pizuq" {rCorr AC+4}
126492 | Zig:15   | Entered Level 15 of a ziggurat
126538 | Zig:15   | Paralysed by accursed screaming for 1 turns
126647 | Zig:15   | Found the +8 trishula "Condemnation" {holy, anguish, *Noise
                  | Fly rN+}
126698 | Zig:15   | Identified the +5 arbalest of Pytyobydoa {flame, *Slow rF+
                  | SInv}
126707 | Zig:15   | Identified the +3 mace "Fiekhloj" {venom, rF+}
126770 | Zig:16   | Entered Level 16 of a ziggurat
126985 | Zig:16   | Got the Anthology of Lithic Pyromania
126991 | Zig:16   | Identified the ring of a Thousand Servitors {rElec rCorr
                  | Str+2}
126993 | Zig:16   | Identified the +0 ring mail "Cemedgh" {SInv}
127047 | Zig:17   | Entered Level 17 of a ziggurat
127063 | Zig:17   | Noticed Alun the pandemonium lord
127063 | Zig:17   | Noticed Cuylia the pandemonium lord
127063 | Zig:17   | Noticed Amiukazi the pandemonium lord
127063 | Zig:17   | Noticed Ompa the pandemonium lord
127063 | Zig:17   | Noticed Syareist the pandemonium lord
127065 | Zig:17   | Noticed Mulocket the pandemonium lord
127068 | Zig:17   | Killed Alun the pandemonium lord
127068 | Zig:17   | Killed Ompa the pandemonium lord
127068 | Zig:17   | Killed Syareist the pandemonium lord
127070 | Zig:17   | Killed Cuylia the pandemonium lord
127070 | Zig:17   | Killed Mulocket the pandemonium lord
127070 | Zig:17   | Killed Amiukazi the pandemonium lord
127204 | Zig:17   | Identified the +10 halberd of the Common Good {spect, rElec
                  | Dex+5}
127210 | Zig:17   | Identified the +4 glaive of Suicidal Tendencies {flame,
                  | Contam rN+ Str-4 Dex+9 Stlth+}
127218 | Zig:17   | Identified the +10 trident of Intuition {venom, Int+6}
127525 | Depths:4 | Acquired a manual of Hexes
127529 | Depths:4 | Acquired 1299 gold pieces
128389 | Tomb:1   | Noticed a royal mummy
128389 | Tomb:1   | Noticed a royal mummy
128402 | Tomb:1   | Killed a royal mummy
128406 | Tomb:1   | Killed a royal mummy
129309 | Tomb:2   | Noticed a royal mummy
129311 | Tomb:2   | Noticed a royal mummy
129311 | Tomb:2   | Noticed a royal mummy
129312 | Tomb:2   | Noticed a royal mummy
129322 | Tomb:2   | Killed a royal mummy
129465 | Tomb:2   | Identified the +11 trident "Nuawaf" {vorpal, *Slow Will+++
                  | MP+9}
130018 | Tomb:1   | Noticed a royal mummy
130018 | Tomb:1   | Noticed a royal mummy
130022 | Tomb:1   | Noticed a royal mummy
130035 | Tomb:1   | Killed a royal mummy
130038 | Tomb:1   | Noticed a royal mummy
130053 | Tomb:1   | Noticed a royal mummy
130060 | Tomb:1   | Noticed a royal mummy
130061 | Tomb:1   | Killed a royal mummy
130067 | Tomb:1   | Noticed a royal mummy
130070 | Tomb:1   | Noticed a royal mummy
130070 | Tomb:1   | Noticed a royal mummy
130071 | Tomb:1   | Killed a royal mummy
130071 | Tomb:1   | Noticed a royal mummy
130074 | Tomb:1   | Noticed a royal mummy
130103 | Tomb:1   | Killed a royal mummy
130103 | Tomb:1   | Killed a royal mummy
130521 | Tomb:1   | Noticed a royal mummy
130533 | Tomb:1   | Killed a royal mummy
130538 | Tomb:1   | Killed a royal mummy
130540 | Tomb:1   | Noticed a royal mummy
130542 | Tomb:1   | Killed a royal mummy
130652 | Tomb:1   | Killed a royal mummy
130877 | Tomb:1   | Noticed a royal mummy
130881 | Tomb:1   | Noticed a royal mummy
130883 | Tomb:1   | Killed a royal mummy
130884 | Tomb:1   | Killed a royal mummy
131237 | Tomb:1   | Noticed a royal mummy
131237 | Tomb:1   | Noticed a royal mummy
131238 | Tomb:1   | Noticed a royal mummy
131240 | Tomb:1   | Killed a royal mummy
131240 | Tomb:1   | Killed a royal mummy
131240 | Tomb:1   | Killed a royal mummy
131308 | Tomb:1   | Noticed a royal mummy
131309 | Tomb:1   | Reached skill level 15 in Necromancy
131313 | Tomb:1   | Killed a royal mummy
132386 | Tomb:3   | Entered Level 3 of the Tomb of the Ancients
132407 | Tomb:3   | Noticed a royal mummy
132407 | Tomb:3   | Noticed a royal mummy
132409 | Tomb:3   | Noticed a royal mummy
132496 | Tomb:3   | Noticed a royal mummy
132498 | Tomb:3   | Killed a royal mummy
132653 | Tomb:3   | Identified the +5 morningstar of Geqesyis Ops {vorpal, rC+
                  | Str+4 Dex-3}
132667 | Tomb:3   | Identified the +1 leather armour of Hedging {Will+ Int+7
                  | Slay+2}
132675 | Tomb:3   | Identified the +4 ring mail of Forking Paths {+Blink rC+
                  | Will-}
132847 | Tomb:3   | Identified the amulet of Law {Spirit Will+}
132887 | Tomb:3   | Identified the +7 quarterstaff of Geaheurr {antimagic, rN+}
132950 | Tomb:3   | Noticed Khufu
132968 | Tomb:3   | Killed a royal mummy
132986 | Tomb:3   | Killed a royal mummy
132988 | Tomb:3   | Killed a royal mummy
132994 | Tomb:3   | Noticed a royal mummy
132999 | Tomb:3   | Noticed a royal mummy
133006 | Tomb:3   | Killed a royal mummy
133007 | Tomb:3   | Killed a royal mummy
133009 | Tomb:3   | Noticed a royal mummy
133013 | Tomb:3   | Killed Khufu
133018 | Tomb:3   | Killed a royal mummy
133369 | Tomb:3   | Got a golden rune of Zot
133621 | Tomb:3   | Learned a level 1 spell: Apportation
133932 | Tomb:1   | Killed a royal mummy
134187 | Crypt:3  | Upgraded the game from 0.29.1-4-g47bece8355 to
                  | 0.29.1-12-g30fa7ad0bf
134500 | Hell     | Entered the Vestibule of Hell
134500 | Hell     | Noticed Geryon
134504 | Hell     | Killed Geryon
134860 | Hell     | Found a gateway to the decaying netherworld of Tartarus.
135166 | Hell     | Found a gateway to the freezing wastes of Cocytus.
135221 | Hell     | Found a gateway to the Iron City of Dis.
135315 | Hell     | Found a gateway to the ashen valley of Gehenna.
135531 | Coc:1    | Entered Level 1 of Cocytus
135531 | Coc:1    | You are sucked into a shaft and drop 1 floor!
136818 | Coc:6    | Paralysed by a wendigo for 1 turns
137139 | Coc:7    | Entered Level 7 of Cocytus
137485 | Coc:7    | Reached skill level 15 in Transmutations
138000 | Coc:7    | Reached skill level 27 in Spellcasting
138013 | Coc:7    | Paralysed by a wendigo for 1 turns
138485 | Coc:7    | Identified the +5 quarterstaff "Vustoar" {venom, rElec
                  | rPois Str+2}
138520 | Coc:7    | Noticed Antaeus
138524 | Coc:7    | Identified the amulet "Ewnuj" {Acrobat Drain rC+ Int+4}
138560 | Coc:7    | Killed Antaeus
138606 | Coc:7    | Identified the +0 cloak of Ujih {Rampage *Slow rPois rC-}
138892 | Coc:7    | Identified the +8 spear of Imbalance {antimagic, rCorr
                  | Int+4}
138903 | Coc:7    | Got an icy rune of Zot
139968 | Hell     | Lost mutation: You have a somewhat thin skeletal structure.
                  | (Dex +2, Stealth+) [potion of mutation]
139968 | Hell     | Lost mutation: You are robust. (+10% HP) [potion of
                  | mutation]
139968 | Hell     | Lost mutation: You have large cloven feet. [potion of
                  | mutation]
139968 | Hell     | Gained mutation: You do not regenerate when monsters are
                  | visible. [potion of mutation]
139968 | Hell     | Gained mutation: You are clumsy. (Dex -2) [potion of
                  | mutation]
139968 | Hell     | Gained mutation: You have hidden genetic potential. [potion
                  | of mutation]
139969 | Hell     | Lost mutation: You have hidden genetic potential. [potion
                  | of mutation]
139969 | Hell     | Lost mutation: You do not regenerate when monsters are
                  | visible. [potion of mutation]
139969 | Hell     | Lost mutation: You are clumsy. (Dex -2) [potion of
                  | mutation]
139969 | Hell     | Gained mutation: You are frail. (-10% HP) [potion of
                  | mutation]
139969 | Hell     | Gained mutation: You occasionally lose the ability to drink
                  | potions when taking damage. [potion of mutation]
139969 | Hell     | Gained mutation: Potions are less effective at restoring
                  | your health. [potion of mutation]
139969 | Hell     | Gained mutation: You are partially covered in iridescent
                  | scales. (AC +2) [potion of mutation]
139970 | Hell     | Lost mutation: You are partially covered in iridescent
                  | scales. (AC +2) [potion of mutation]
139970 | Hell     | Lost mutation: You occasionally shout uncontrollably at
                  | your foes. [potion of mutation]
139970 | Hell     | Gained mutation: You have a pair of small horns on your
                  | head. [potion of mutation]
139970 | Hell     | Gained mutation: You have hidden genetic potential. [potion
                  | of mutation]
139970 | Hell     | Lost mutation: You are frail. (-10% HP) [potion of
                  | mutation]
139971 | Hell     | Lost mutation: You occasionally lose the ability to drink
                  | potions when taking damage. [potion of mutation]
139971 | Hell     | Lost mutation: Potions are less effective at restoring your
                  | health. [potion of mutation]
139971 | Hell     | Gained mutation: You are agile. (Dex +4, Str/Int -1)
                  | [potion of mutation]
139971 | Hell     | Gained mutation: You are very agile. (Dex +8, Str/Int -2)
                  | [potion of mutation]
139971 | Hell     | Gained mutation: You passively map a small area around you.
                  | [potion of mutation]
139971 | Hell     | Gained mutation: You possess an exceptional clarity of
                  | mind. [potion of mutation]
140256 | Vaults:5 | Killed Mennas
140566 | Tar:1    | Entered Level 1 of Tartarus
140875 | Tar:1    | You are sucked into a shaft and drop 1 floor!
144249 | Tar:6    | Found a huge runed gate.
144249 | Tar:6    | Found a huge runed gate.
144250 | Tar:6    | Found a huge runed gate.
144250 | Tar:6    | Found a huge runed gate.
144250 | Tar:6    | Found a huge runed gate.
144251 | Tar:6    | Found a huge runed gate.
144251 | Tar:6    | Found a huge runed gate.
144521 | Tar:6    | Found a huge runed gate.
144521 | Tar:6    | Found a huge runed gate.
144522 | Tar:6    | Found a huge runed gate.
144523 | Tar:6    | Found a huge runed gate.
144613 | Tar:6    | Found a huge runed gate.
144614 | Tar:6    | Found a huge runed gate.
144615 | Tar:6    | Found a huge runed gate.
144616 | Tar:6    | Found a huge runed gate.
144625 | Tar:6    | Found a huge runed gate.
144625 | Tar:6    | Found a huge runed gate.
144625 | Tar:6    | Found a huge runed gate.
144625 | Tar:6    | Found a huge runed gate.
144625 | Tar:6    | Found a huge runed gate.
144625 | Tar:6    | Found a huge runed gate.
144626 | Tar:6    | Found a huge runed gate.
144647 | Tar:6    | Found a huge runed gate.
144647 | Tar:6    | Found a huge runed gate.
144648 | Tar:6    | Found a huge runed gate.
144649 | Tar:6    | Found a huge runed gate.
144657 | Tar:6    | Found a huge runed gate.
144657 | Tar:6    | Found a huge runed gate.
144657 | Tar:6    | Found a huge runed gate.
144657 | Tar:6    | Found a huge runed gate.
144657 | Tar:6    | Found a huge runed gate.
144657 | Tar:6    | Found a huge runed gate.
144658 | Tar:6    | Found a huge runed gate.
144659 | Tar:6    | Found a huge runed gate.
144660 | Tar:6    | Found a huge runed gate.
144668 | Tar:6    | Found a huge runed gate.
144693 | Tar:6    | Noticed a dread lich
144693 | Tar:6    | Noticed an ancient lich
144693 | Tar:6    | Noticed an ancient lich
144696 | Tar:6    | Killed a dread lich
144696 | Tar:6    | Killed an ancient lich
144696 | Tar:6    | Killed an ancient lich
144703 | Tar:6    | Gained mutation: You have a beak for a mouth. [hidden
                  | potential]
144973 | Tar:7    | Entered Level 7 of Tartarus
146861 | Tar:7    | Noticed Ereshkigal
146866 | Tar:7    | Killed Ereshkigal
146878 | Tar:7    | Got a bone rune of Zot
147622 | Tar:7    | Found the +10 zealot's sword {holy, *Rage rN+ EV+3}
147884 | Tar:7    | Found the ring of the Mage {Wiz Archmagi}
147917 | Tar:7    | Identified the +1 kite shield of Trial and Error {rC+
                  | Int+4}
147938 | Tar:7    | Reached skill level 27 in Fighting
148056 | Tar:7    | Found the ring of the Octopus King
148089 | Tar:7    | Identified a ring of the Octopus King {rN+ HP+2 AC+2 EV+2
                  | SH+2}
150056 | Tar:7    | Gained mutation: You have supernaturally acute eyesight.
                  | (SInv) [hidden potential]
150056 | Tar:7    | Lost mutation: You have hidden genetic potential. [hidden
                  | potential expressed]
150225 | Geh:1    | Entered Level 1 of Gehenna
150336 | Geh:1    | You are sucked into a shaft and drop 1 floor!
153334 | Geh:7    | Entered Level 7 of Gehenna
153776 | Geh:7    | Noticed the Serpent of Hell
153922 | Geh:7    | Killed the Serpent of Hell
154300 | Geh:7    | Found the +7 sceptre of Asmodeus
154300 | Geh:7    | Noticed Asmodeus
154316 | Geh:7    | Killed Asmodeus
154523 | Geh:7    | Identified the +1 mace "Oneaf" {venom, *Slow rC+ Dex+3}
154525 | Geh:7    | Got an obsidian rune of Zot
154526 | Geh:7    | Identified the +1 leather armour of Hageph {MP+9}
155044 | Dis:1    | Entered Level 1 of the Iron City of Dis
155044 | Dis:1    | Found a huge runed gate.
155044 | Dis:1    | Found a huge runed gate.
155044 | Dis:1    | Found a huge runed gate.
155044 | Dis:1    | Found a huge runed gate.
155044 | Dis:1    | Found a huge runed gate.
155044 | Dis:1    | Found a huge runed gate.
155044 | Dis:1    | Found a huge runed gate.
155044 | Dis:1    | Found a huge runed gate.
155044 | Dis:1    | Found a huge runed gate.
155044 | Dis:1    | Found a huge runed gate.
155045 | Dis:1    | Found a huge runed gate.
155047 | Dis:1    | Found a huge runed gate.
155048 | Dis:1    | Found a huge runed gate.
155049 | Dis:1    | Found a huge runed gate.
155099 | Dis:1    | Found a huge runed gate.
155143 | Dis:1    | Found a huge runed gate.
155144 | Dis:1    | Found a huge runed gate.
155146 | Dis:1    | Found a huge runed gate.
155151 | Dis:1    | Found a huge runed gate.
155214 | Dis:1    | Found a huge runed gate.
155214 | Dis:1    | Found a huge runed gate.
155214 | Dis:1    | Found a huge runed gate.
155214 | Dis:1    | Found a huge runed gate.
155214 | Dis:1    | Found a huge runed gate.
155214 | Dis:1    | Found a huge runed gate.
155215 | Dis:1    | Found a huge runed gate.
155216 | Dis:1    | Found a huge runed gate.
155217 | Dis:1    | Found a huge runed gate.
155225 | Dis:1    | Found a huge runed gate.
155225 | Dis:1    | Found a huge runed gate.
155225 | Dis:1    | Found a huge runed gate.
155225 | Dis:1    | Found a huge runed gate.
155225 | Dis:1    | Found a huge runed gate.
155225 | Dis:1    | Found a huge runed gate.
155226 | Dis:1    | Found a huge runed gate.
155227 | Dis:1    | Found a huge runed gate.
158789 | Dis:6    | Learned a level 9 spell: Death's Door
158808 | Dis:6    | Learned a level 8 spell: Necromutation
159052 | Dis:7    | Entered Level 7 of the Iron City of Dis
159541 | Dis:7    | Noticed a juggernaut
160005 | Dis:7    | Killed a juggernaut
160112 | Dis:7    | Noticed a juggernaut
160732 | Dis:7    | Identified the +2 pair of boots of Valiance {Dex+4}
160926 | Dis:7    | Identified the ring of Jorghih {rC- Str+4 Slay+4 SInv}
160926 | Dis:7    | Found the +4 staff of Dispater
160926 | Dis:7    | Noticed Dispater
160960 | Dis:7    | Killed Dispater
161041 | Dis:7    | Got an iron rune of Zot
161042 | Dis:7    | Identified the +1 chain mail "Peaqob" {Rampage rPois Str-5}
161427 | Zot:5    | Got the Orb of Zot
161451 | Zot:5    | Noticed Dawageh the pandemonium lord
161497 | Zot:2    | Noticed Hib Geng the pandemonium lord
161820 | D:10     | Noticed Sagups the pandemonium lord
161823 | D:10     | Killed Sagups the pandemonium lord
161932 | D:5      | Noticed Ibad the pandemonium lord
162036 | D:$      | Escaped with the Orb!

Illustrated notes

Levels and vault maps discovered:
D:1:      amcnicky_arrival_feature_with_door, layout_basic,
          dreamdust_ecumenical_altar_sealed_demon, serial_curves,
          eino_curves_02, eino_curves_03
D:2:      layout_rooms, nicolae_shop_unique_rings, minmay_tripent
D:3:      layout_loops_corners, serial_shops, shop
D:4:      layout_basic, uniq_robin, uniq_eustachio, uniq_pikel, uniq_edmund
D:5:      layout_basic, minmay_temple_entry_trees
D:6:      layout_basic, general_overflow_altar, cheibrodos_sewer_entry_sluice,
          uniq_crazy_yiuf_cottage
D:7:      layout_cave_pods
D:8:      layout_rooms, mainiacjoe_overflow_alcove_2, lair_entry_dummy,
          enter_bailey_7, uniq_maurice
D:9:      due_chaos_kobolds, layout_basic, lemuel_round_altar,
          hellmonk_guarded_unrand_staff_of_battle
D:10:     layout_cave_pods, mainiacjoe_overflow_divided_tiny, minmay_st_funbox,
          chequers_jeans
D:11:     layout_rooms, gammafunk_ghost_split
D:12:     layout_stronghold, elyvilon_altar_4
D:13:     layout_irregular_city, skrybe_vaults_entry_preservation, serial_shops,
          bzr_entry_water
D:14:     hourglass_vault, layout_long_grid, infiniplex_staircase_diamond,
          kennysheep_potato
D:15:     gammafunk_depths_entry_grave, layout_grid_maze,
          minmay_misc_feat_cross, gauntlet_entry_generic
Temple:   hellmonk_temple_divided_pantheon
Lair:1:   layout_hall_layers, nicolae_volcano_entry_hallway
Lair:2:   layout_hall_layers, elwin_shoals_entry_rooms,
          guppyfry_snake_entry_island, grunt_megastairs_1
Lair:3:   layout_cave_pods, chequers_serial_rivers_micro_e, worms_lemuel
Lair:4:   layout_regular_city, slime_entry_1, gammafunk_ghost_ooze,
          nicolae_quartered_pool_super
Lair:5:   minmay_lair_end_enchanted_forest, layout_loops_ring,
          chequers_serial_rivers_large_b, nicolae_lair_lil_pond,
          lemuel_fruit_fields, uniq_snorg
Shoals:1: cheibrodos_shoals_epimethial_gifts, layout_shoals, serial_shops,
          bzr_in_the_mist, uniq_roxanne
Shoals:2: layout_shoals, serial_shops, shop
Shoals:3: layout_shoals, nicolae_shoals_enchanted_isle, uniq_nikola
Shoals:4: shoals_end_hellmonk_storm_palace [storm_palace_center_ruins,
          storm_palace_corner_altar, storm_palace_corner_reverse_hut,
          storm_palace_corner_blocked, storm_palace_corner_pillars]
Snake:1:  layout_cave_shapes, grunt_megastairs_2, lemuel_fruit_tree,
          minmay_shop_star, uniq_aizul, uniq_jorgrun
Snake:2:  layout_honeycomb, serial_bayou_lake_a, uniq_vashnia, uniq_saint_roka,
          uniq_louise, uniq_mlioglotl
Snake:3:  layout_grid_maze
Snake:4:  minmay_snake_end_coiled, layout_misc_corridors, serial_shops,
          shop_statue, uniq_agnes, uniq_bai_suzhen
Slime:1:  layout_caves
Slime:2:  layout_caves
Slime:3:  layout_caves
Slime:4:  layout_caves
Slime:5
Orc:1:    layout_caves, serial_shops, nicolae_shop_stone
Orc:2:    st_orc_town, layout_caves, elf_legates
Elf:1:    layout_onion_city, serial_shops, nicolae_shop_hallway_stairs,
          minmay_elf_annihilation, kilobyte_mutagenic_chamber
Elf:2:    nicolae_elf_blades_crystal_corner, layout_gridlike, basic_altar
Elf:3:    minmay_elf_hall_dome, layout_geoelf_diagonals, serial_shops,
          nicolae_shop_crystal, due_unseen_surprise
Vaults:1: special_room_vaults [special_room_orc],
          nicolae_vaults_little_squares_6, vaults_room_pool,
          hangedman_vaults_unwind, v_rooms_3, nicolae_vaults_ninety_degrees,
          ontoclasm_vaults_gateway, nicolae_vaults_little_squares_1,
          layout_vaults_big_room
Vaults:2: gammafunk_ghost_crypt, v_misc_3, nicolae_vaults_yaktaur_gun_rack,
          minmay_crypt_entry_simple_corners, vaults_room_door_hall,
          vaults_standard_mumra_x, v_alt_pattern_6, v_misc_10, vaults_dpeg_ring,
          layout_vaults_omnigrid, serial_shops, bzr_firewalk, uniq_donald
Vaults:3: ontoclasm_vaults_fire_temple, dpeg_vaults_monster_box,
          grunt_vaults_twisty, nicolae_vaults_disjoint_gnomons,
          nicolae_vaults_mini_display_case, nicolae_vaults_alarming,
          vaults_room_stairs_pillars, ontoclasm_vaults_ring_large,
          grunt_vaults_funnel, vaults_dpeg_diagonal, v_alt_pattern_1,
          vaults_room_pool, vaults_room_grid, layout_vaults_omnibox
Vaults:4: v_pattern_3, v_misc_29, vaults_mumra_minichess_inversion, v_misc_27,
          vaults_mumra_lcd, vaults_room_door_hall, nicolae_vaults_circle_grid_a,
          ontoclasm_vaults_decontamination, layout_vaults_ring, serial_shops,
          nicolae_shop_trees
Vaults:5: uniq_mennas
Crypt:1:  evilmike_wizard_prison, layout_regular_city
Crypt:2:  layout_basic, st_stairs_1
Crypt:3:  david_glass_crypt, layout_misc_corridors,
          nicolae_tomb_entry_unfolded_pyramid_orthogonal, grunt_ministairs_14
Tomb:1
Tomb:2
Tomb:3
Depths:1: layout_gridlike, nicolae_hell_entry_hellmouth_sunbeams,
          abyss_entry_small_statue_room, chequers_serial_rivers_small_3,
          serial_shops, bzr_entry_customers, nicolae_lakefront_shop,
          shop_fountains, shop, nicolae_shop_bloodbath_and_beyond,
          minmay_liquid_box, solitary_fountain, patterned_corridor
Depths:2: minmay_the_grid_plus [minmay_the_grid_minigrid_small,
          minmay_the_grid_odd_star, minmay_the_grid_zigzag_pyramid,
          minmay_the_grid_broken_lines, minmay_the_grid_prize_diamond_cup],
          layout_gridlike, trog_three_pillars_becter, pf_hell_entry_tar_spiral,
          serial_sigils, serial_sigils_hangedman_quiver,
          serial_sigils_hangedman_quiver, serial_sigils_hangedman_gut,
          serial_sigils_hangedman_quiver, serial_sigils_hangedman_scar,
          pan_entry
Depths:3: minmay_four_inscribed_fans, layout_cave_pools, serial_bayou_pond_d,
          hell_entry, abyss_entry_flame_altar, nzn_hepliaklqana_mist_gate,
          uniq_margery, uniq_grunn
Depths:4: grunt_zot_entry_alcove, layout_cave_pools, enter_ziggurat_a,
          nicolae_ru_the_path_less_chosen, abyss_entry, hell_entry
Hell
Dis:1:    layout_gridville, door_vault
Dis:2:    layout_subdivisions, lemuel_dis_dragons
Dis:3:    layout_subdivisions, nicolae_hells_seeping_fissure
Dis:4:    layout_jigsaw
Dis:5:    layout_jigsaw, nicolae_dis_strange_trophy_room
Dis:6:    layout_jigsaw
Dis:7:    dis_grunt_layers
Geh:1:    layout_gehenna_pools_box
Geh:2:    layout_gehenna_lava_caves, lemuel_flamethrower_2
Geh:3:    layout_gehenna_lava_caves
Geh:4:    layout_gehenna_pools_basic
Geh:5:    layout_gehenna_pools_triple, hangedman_gehenna_grave_pits
Geh:6:    layout_gehenna_pools_triple
Geh:7:    geh_grunt_pentagon
Coc:1:    layout_cocytus_delve
Coc:2:    layout_cocytus_delve
Coc:3:    nicolae_hells_demon_pit, layout_cocytus_water_paths, serial_ice
Coc:4:    nicolae_coc_caina, layout_cocytus_water_paths
Coc:5:    layout_cocytus_water_paths
Coc:6:    layout_cocytus_water_paths
Coc:7:    coc_hangedman
Tar:1:    layout_honeycomb
Tar:2:    layout_grid_maze
Tar:3:    layout_grid_maze, nicolae_tar_cuneiform_three
Tar:4:    layout_catacombs, nicolae_tar_cuneiform_bread
Tar:5:    layout_honeycomb, nicolae_tar_stay_or_leave
Tar:6:    layout_cathedral_of_symmetry, door_vault
Tar:7:    tar_mu [tar_mu_maze]
Zot:1:    layout_basic
Zot:2:    layout_basic, uniq_tiamat
Zot:3:    layout_basic
Zot:4:    kennysheep_blocky_hall, layout_basic, skrybe_zot_glass_2
Zot:5:    layout_twisted_circle

Skill      XL: |  1  2  3  4  5  6  7  8  9 10 11 12 13 14 15 16 17 18 19 20 21 22 23 24 25 26 27 |
---------------+----------------------------------------------------------------------------------+-----
Earth Magic    | 4 5 6 8 10 12 14 15 16 17 18 19 20 21 22 23 27 | 27.0
Maces & Flails | 1 2 10 12 | 12.5
Spellcasting   | 3 4 6 9 10 12 14 15 16 17 18 27 | 27.0
Conjurations   | 4 9 12 14 15 16 17 18 19 20 22 23 27 | 27.0
Armour         | 5 11 | 11.4
Dodging        | 5 |  5.6
Stealth        | 5 12 | 12.1
Fighting       | 10 11 12 13 14 27 | 27.0
Fire Magic     | 5 9 10 12 13 14 15 17 19 27 | 27.0
Poison Magic   | 5 6 7 |  7.1
Necromancy     | 5 6 7 8 9 10 23 | 23.7
Evocations     | 5 11 | 11.2
Throwing       | 1 3 4 |  4.2
Transmutations | 3 4 5 22 | 22.5
Shields        | 3 5 11 | 11.4
Staves         | 9 |  9.0

Action                   |  1- 3 |  4- 6 |  7- 9 | 10-12 | 13-15 | 16-18 | 19-21 | 22-24 | 25-27 || total
-------------------------+-------+-------+-------+-------+-------+-------+-------+-------+-------++-------
Melee: Unarmed           |     5 |       |       |       |       |       |       |       |       ||     5
       Short sword       |    25 |     1 |    44 |       |       |       |       |       |       ||    70
       Punch             |       |       |     3 |       |       |       |       |       |     1 ||     4
       Staff             |       |       |     4 |     1 |     7 |     3 |    13 |    71 |   340 ||   439
       Great mace        |       |       |       |       |       |       |       |       |    61 ||    61
       Headbutt          |       |       |       |       |       |       |       |       |     2 ||     2
 Fire: Longbow           |       |       |       |       |       |       |       |       |     2 ||     2
Throw: Throwing net      |       |       |       |       |       |       |       |       |     4 ||     4
 Cast: Sandblast         |    47 |    64 |   161 |   152 |   332 |    79 |    38 |     4 |       ||   877
       Stone Arrow       |       |       |    26 |   146 |    34 |    41 |       |    16 |       ||   263
       Iron Shot         |       |       |       |    35 |   251 |   168 |   248 |   463 |  2839 ||  4004
       Mephitic Cloud    |       |       |       |       |    11 |    13 |       |       |       ||    24
       Ignite Poison     |       |       |       |       |     6 |     5 |       |       |       ||    11
       Fireball          |       |       |       |       |       |    56 |   109 |    99 |    94 ||   358
       Borgnjor's Vile C |       |       |       |       |       |     4 |     1 |     1 |     2 ||     8
       Iskenderun's Myst |       |       |       |       |       |     3 |     3 |    37 |    69 ||   112
       Magic Dart        |       |       |       |       |       |       |   215 |   176 |   165 ||   556
       Lee's Rapid Decon |       |       |       |       |       |       |     8 |    30 |    41 ||    79
       Blink             |       |       |       |       |       |       |       |     1 |     3 ||     4
       Passwall          |       |       |       |       |       |       |       |       |     4 ||     4
       Starburst         |       |       |       |       |       |       |       |       |    14 ||    14
       Fire Storm        |       |       |       |       |       |       |       |       |   467 ||   467
       Lehudib's Crystal |       |       |       |       |       |       |       |       |   166 ||   166
       Shatter           |       |       |       |       |       |       |       |       |   114 ||   114
       Apportation       |       |       |       |       |       |       |       |       |     2 ||     2
Invok: Potion Petition   |       |       |       |       |     1 |       |       |     5 |    68 ||    74
       Call Merchant     |       |       |       |       |       |       |       |     3 |       ||     3
       Bribe Branch      |       |       |       |       |       |       |       |       |     5 ||     5
Evoke: Phantom mirror    |       |       |       |     1 |       |     1 |     1 |     3 |     1 ||     7
       Wand              |       |       |       |       |     5 |       |       |     5 |     9 ||    19
       Figurine of a zig |       |       |       |       |       |       |       |       |     1 ||     1
  Use: Scroll            |       |     4 |     6 |    12 |    16 |     7 |     8 |    17 |    54 ||   124
       Potion            |       |       |     5 |     1 |     4 |     1 |     1 |    11 |    69 ||    92
 Stab: Invisible         |       |       |       |       |       |       |       |       |     3 ||     3
       Distracted        |       |       |       |       |       |       |       |       |     2 ||     2
Armor: Robe              |    28 |    18 |    51 |       |    77 |    94 |   118 |   229 |   703 ||  1318
       Steam dragon scal |       |       |       |    62 |    59 |       |       |       |       ||   121
       Fire dragon scale |       |       |       |       |       |       |       |       |    17 ||    17
       Skin              |       |       |       |       |       |       |       |       |    10 ||    10
Dodge: Dodged            |    31 |    12 |    82 |    95 |   194 |    85 |   120 |   155 |   596 ||  1370
Block: Buckler           |       |       |       |       |       |     7 |    29 |   127 |   220 ||   383
       Reflection        |       |       |       |       |       |       |    12 |    22 |     6 ||    40
       Kite shield       |       |       |       |       |       |       |       |       |   383 ||   383
